 Dungeon Crawl Stone Soup version 0.29.0-4-gdea44cf6ec (webtiles) character file.

Game seed: 3995457110344476998

52527 qw the Warrior (level 14, -15/1 (141) HPs)
             Began as a Minotaur Berserker on Sept 4, 2022.
             Was a Follower of Trog.
             Killed from afar by a lava snake (16 damage)
             ... with a glob of lava
             ... on level 9 of the Dungeon.
             The game lasted 00:14:14 (49027 turns).

qw the Warrior (Minotaur Berserker)                Turns: 49027, Time: 00:14:14

HP:   -15/1 (141)   AC: 20    Str: 27    XL:     14   Next: 27%
MP:   13/13         EV: 13    Int:  4    God:    Trog [*.....]
Gold: 806           SH:  8    Dex: 10    Spells: 13/13 levels left

rFire   . . .      SeeInvis .   Y - +7 hand axe (flame)
rCold   . . .      Faith    .   l - +2 buckler
rNeg    . . .      Spirit   .   m - +0 plate armour
rPois   +          Reflect  .   (helmet restricted)
rElec   .          Harm     .   (no cloak)
rCorr   .          Rampage  .   a - +1 pair of gloves
Will    +....                   q - +0 pair of boots
Stlth   ..........              (no amulet)
HPRegen 0.01/turn               k - +4 ring of evasion
MPRegen 0.13/turn               h - ring of poison resistance

@: extremely drained, bezotted and risking death
A: horns 2, retaliatory headbutt
a: Renounce Religion, Berserk


You were on level 9 of the Dungeon.
You worshipped Trog.
Trog was aware of your devotion.
You visited 2 branches of the dungeon, and saw 14 of its levels.

You collected 806 gold pieces.


Innate Abilities, Weirdness & Mutations

You have a pair of horns on your head.
You reflexively headbutt those who attack you in melee.


   Skills:
 - Level 17.7 Fighting
 - Level 14.1 Axes
 - Level 8.0 Throwing
 + Level 13.1 Armour
 - Level 7.0 Dodging
 - Level 10.7 Shields


You had 13 spell levels left.
You didn't know any spells.
Your spell library was empty.

Inventory:

Hand Weapons
 Y - a +7 hand axe of flaming (weapon)
Missiles
 d - 4 silver boomerangs
 t - 2 javelins (quivered)
Armour
 a - a +1 pair of gloves (worn)
 l - a +2 buckler (worn)
 m - a +0 plate armour (worn)
 q - a +0 pair of boots (worn)
Jewellery
 h - a ring of poison resistance (right hand)
 j - a +6 ring of dexterity
 k - a +4 ring of evasion (left hand)
 n - a ring of ice
 r - a ring of fire
Scrolls
 b - 3 scrolls of identify
 i - 2 scrolls of teleportation
Potions
 c - 6 potions of curing
 f - 2 potions of mutation
 g - 6 potions of might
 o - 2 potions of haste
 p - a potion of resistance
 s - 4 potions of heal wounds

Dungeon Overview and Level Annotations

Branches:
Dungeon (9/15) Zot: 999! Temple (0/1) D:4 Lair (5/5) D:8 Shoals (0/4) Lair:2 Snake (0/4) Lair:3 Slime (0/5) Lair:5 Orc (0/2) D:9 You are so drained that the power of Zot will kill you!

Altars:
Ashenzari
Cheibriados
Fedhas
Gozag
Hepliaklqana
Ru
Trog
Xom
Zin

Shops:
D:9 *

Annotations:
D:3 1 runed translucent door, qw's ghost, amateur FoCA


Message History

48564 ||| FLEEEEING.
48565 ||| FLEEEEING.
The lava snake spits lava at you. You block the glob of lava.
48566 ||| FLEEEEING.
48567 ||| FLEEEEING.
There is a stone staircase leading up here.
The lava snake spits lava at you.
The glob of lava hits you but does no damage.
The lava snake spits lava at you.
The glob of lava hits you but does no damage.
The lava snake spits lava at you. The glob of lava hits you!
The lava snake spits lava at you. The glob of lava misses you.
48735 ||| FLEEEEING.
48736 ||| FLEEEEING.
48737 ||| FLEEEEING.
The lava snake spits lava at you. The glob of lava misses you.
48738 ||| FLEEEEING.
48739 ||| FLEEEEING.
The lava snake spits lava at you.
The glob of lava hits you but does no damage.
48740 ||| FLEEEEING.
There is a stone staircase leading up here.
The lava snake spits lava at you.
The glob of lava hits you but does no damage.
The lava snake spits lava at you. The glob of lava hits you!!
Ouch! That really hurt!
48872 ||| FLEEEEING.
There is a stone staircase leading up here.
Zot has nearly found you.
Suffering is approaching.
Descend or flee this branch!
Zot's power touches on you...
You feel drained.
You have lingered too long.
Zot senses you.
Dive deeper or flee this branch before you perish!
The lava snake spits lava at you. The glob of lava hits you!
Ouch! That really hurt!
You die...

#..~.~.~\~.~.~.##..##.
#..~.~¤¤~¤.~.~¤.#...#.
#..~.~K....~.~(#...#.#
#..~.SS~~~~~.~........
#.¤¤¤........~........
#..¤¤~~~~~~~~~........
#..¤¤.....¤...........
#.......#.........###.
#####@...........## ##
#<...........# #
#<...........## ##
#..(..........###.
#.................
#...)#...(........
##..#..........##.
####..........##.
#.#....##......


You could see 2 lava snakes and a kobold.

Vanquished Creatures
  Harold (Lair:1)
  A boulder beetle (Lair:2)
  3 hydras
  3 catoblepae (Lair:5)
  3 death yaks (Lair:5)
  Amaemon (Lair:1)
  2 manticores (Lair:5)
  A merfolk siren (Lair:2)
  23 elephants
  5 black mambas
  A torpor snail (Lair:5)
  An orange demon (Lair:1)
  19 cane toads
  9 rime drakes
  7 komodo dragons
  2 polar bears
  A hornet (D:9)
  21 blink frogs
  Grinder (D:3)
  11 dream sheep (Lair:5)
  2 steam dragons
  2 basilisks
  41 yaks
  5 wyverns
  Eustachio (D:4)
  4 wargs
  3 nagas (Lair:3)
  An acid dragon (D:8)
  12 water moccasins
  2 orc warriors (D:9)
  4 ice beasts
  2 black bears
  2 sky beasts
  15 wolves
  An ogre (D:5)
  4 phantoms
  2 kobold brigands
  3 necrophages
  13 bullfrogs
  A gnoll sergeant (D:8)
  5 scorpions
  8 wights (D:8)
  10 killer bees
  5 howler monkeys
  A lava snake (D:9)
  2 hounds (D:5)
  2 gnoll boudas
  7 orc priests
  2 jellies (D:7)
  Jessica (D:2)
  Terence (D:2)
  11 orc wizards
  An iguana (D:7)
  A mummy (D:3)
  20 gnolls
  10 adders
  A shadow imp (D:6)
  A white imp (D:6)
  2 ufetubi
  5 worms
  A dart slug (D:3)
  42 orcs
  7 ball pythons
  11 endoplasms
  3 giant cockroaches (D:2)
  6 goblins
  6 hobgoblins
  5 jackals
  15 kobolds
  7 bats
  6 frilled lizards
  4 rats
445 creatures vanquished.

Vanquished Creatures (collateral kills)
  2 oklob plants (Lair:5)
  2 black mambas (Lair:5)
  A dream sheep (Lair:5)
  4 yaks (Lair:5)
  A water moccasin (Lair:5)
  2 wolves (Lair:5)
12 creatures vanquished.

Vanquished Creatures (others)
  45 fungi
  29 plants
74 creatures vanquished.

Grand Total: 531 creatures vanquished

Notes
Turn   | Place    | Note
-------+----------+-------------------------------------------
     0 | D:1      | qw the Minotaur Berserker began the quest for the Orb.
     0 | D:1      | Reached XP level 1. HP: 19/19 MP: 0/0
     0 | D:1      | 0 ||| qw: Version: 0.1-a-103-gd6f5d3a
     0 | D:1      | 0 ||| qw: Game counter: 5391
     0 | D:1      | 0 ||| qw: Always use a shield: true
     0 | D:1      | 0 ||| qw: Do Orc after D:15 true
     0 | D:1      | 0 ||| qw: Do second Lair branch before Depths: true
     0 | D:1      | 0 ||| qw: Lair rune preference: random
     0 | D:1      | 0 ||| qw: Plans: Normal
     0 | D:1      | 0 ||| PLANNING D:1-11
     2 | D:1      | Noticed a merfolk
     2 | D:1      | Noticed a demonspawn
     4 | D:1      | Noticed an elf
     4 | D:1      | Noticed a felid
     6 | D:1      | Noticed a tengu
     6 | D:1      | Noticed a vampire
     8 | D:1      | Noticed a meteoran
     8 | D:1      | Noticed an octopode
    10 | D:1      | Noticed a human
    10 | D:1      | Noticed a formicid
    12 | D:1      | Noticed a troll
    12 | D:1      | Noticed a vine stalker
    14 | D:1      | Noticed an ogre
    14 | D:1      | Noticed a palentonga
    16 | D:1      | Noticed a spriggan
    18 | D:1      | Noticed a gargoyle
    18 | D:1      | Noticed a demigod
    20 | D:1      | Noticed a ghoul
    20 | D:1      | Noticed a naga
    22 | D:1      | Noticed a minotaur
    24 | D:1      | Noticed a draconian
    24 | D:1      | Noticed a human
    26 | D:1      | Noticed a vampire
    26 | D:1      | Noticed a felid
   621 | D:1      | Reached XP level 2. HP: 25/26 MP: 1/1
  1047 | D:1      | 1047 ||| UPGRADING to +0 chain mail.
  1057 | D:1      | 1057 ||| DROPPING +0 animal skin.
  1058 | D:1      | 1058 ||| UPGRADING to +4 ring of evasion.
  1059 | D:1      | 1059 ||| READING 2 scrolls labelled MYMA JISMUD.
  1060 | D:1      | 1060 ||| READING scroll of enchant weapon.
  1060 | D:1      | 1060 ||| ENCHANTING +1 hand axe.
  1061 | D:1      | 1061 ||| READING scroll labelled VES NADDIM.
  1062 | D:1      | 1062 ||| DRINKING 3 coppery potions.
  1063 | D:1      | 1063 ||| DRINKING 2 fuming brown potions.
  1075 | D:2      | Noticed Terence
  1076 | D:2      | 1076 ||| INVOKING Berserk.
  1078 | D:2      | Killed Terence
  1079 | D:2      | Reached XP level 3. HP: 31/31 MP: 2/2
  1083 | D:2      | 1083 ||| STAIRDANCE
  1271 | D:2      | 1271 ||| Stepping ~*~*~tactically~*~*~ (stealth).
  1301 | D:2      | 1301 ||| INVOKING Berserk.
  1404 | D:2      | Noticed Jessica
  1406 | D:2      | Killed Jessica
  1407 | D:2      | Reached skill level 6 in Axes
  1407 | D:2      | Reached XP level 4. HP: 35/39 MP: 3/3
  1488 | D:2      | 1488 ||| Stepping ~*~*~tactically~*~*~ (stealth).
  1659 | D:2      | 1659 ||| Stepping ~*~*~tactically~*~*~ (stealth).
  1662 | D:2      | Reached ** piety under Trog
  1665 | D:2      | 1665 ||| Stepping ~*~*~tactically~*~*~ (stealth).
  1668 | D:2      | 1668 ||| Stepping ~*~*~tactically~*~*~ (stealth).
  1681 | D:2      | 1681 ||| Stepping ~*~*~tactically~*~*~ (stealth).
  1682 | D:2      | 1682 ||| Stepping ~*~*~tactically~*~*~ (stealth).
  1871 | D:2      | Reached skill level 1 in Throwing
  2010 | D:2      | 2010 ||| Stepping ~*~*~tactically~*~*~ (stealth).
  2196 | D:2      | Found a faded altar of an unknown god.
  2514 | D:2      | 2514 ||| UPGRADING to ring of poison resistance.
  2515 | D:2      | 2515 ||| READING scroll labelled INNOUC MYUWN.
  2516 | D:2      | 2516 ||| READING 2 scrolls labelled EFUSIE JARA.
  2517 | D:2      | 2517 ||| READING scroll labelled KAMOUV BONESO.
  2518 | D:2      | 2518 ||| READING scroll labelled NIXZOT PITACOI.
  2519 | D:2      | 2519 ||| READING scroll labelled RUPNAT TEOCKAU.
  2580 | D:3      | Found a blossoming altar of Fedhas.
  2597 | D:3      | Reached XP level 5. HP: 45/45 MP: 4/4
  2635 | D:3      | Noticed Grinder
  2638 | D:3      | 2638 ||| INVOKING Trog's Hand.
  2641 | D:3      | 2641 ||| INVOKING Berserk.
  2645 | D:3      | Killed Grinder
  2646 | D:3      | Reached XP level 6. HP: 51/51 MP: 5/5
  2763 | D:3      | 2763 ||| INVOKING Berserk.
  2767 | D:3      | Reached skill level 4 in Fighting
  2889 | D:3      | Found a snail-covered altar of Cheibriados.
  2956 | D:3      | 2956 ||| READING 2 scrolls of enchant weapon.
  2956 | D:3      | 2956 ||| ENCHANTING +2 hand axe.
  2957 | D:3      | 2957 ||| READING scroll of enchant weapon.
  2957 | D:3      | 2957 ||| ENCHANTING +3 hand axe.
  2973 | D:3      | Found a runed translucent door.
  2981 | D:3      | Noticed qw's ghost (amateur FoCA)
  3038 | D:3      | 3038 ||| Stepping ~*~*~tactically~*~*~ (stealth).
  3075 | D:3      | 3075 ||| DROPPING +0 mace.
  3088 | D:3      | 3088 ||| Stepping ~*~*~tactically~*~*~ (stealth).
  3682 | D:3      | 3682 ||| DROPPING orb of guile.
  3683 | D:3      | 3683 ||| READING 2 scrolls labelled XAXTIF KOLL.
  3684 | D:3      | 3684 ||| READING 3 scrolls of identify.
  3684 | D:3      | 3684 ||| IDENTIFYING metallic black potion
  3685 | D:3      | 3685 ||| READING 2 scrolls of identify.
  3685 | D:3      | 3685 ||| IDENTIFYING yellow potion
  3686 | D:3      | 3686 ||| DROPPING scroll of fog.
  3687 | D:3      | 3687 ||| DROPPING potion of attraction.
  3698 | D:4      | Noticed Eustachio
  3700 | D:4      | 3700 ||| INVOKING Berserk.
  3706 | D:4      | Killed Eustachio
  3707 | D:4      | Reached skill level 9 in Axes
  3707 | D:4      | Reached XP level 7. HP: 59/59 MP: 6/6
  3725 | D:4      | 3725 ||| STAIRDANCE
  3861 | D:4      | Found a glowing silver altar of Zin.
  3873 | D:4      | Reached skill level 5 in Fighting
  3906 | D:4      | 3906 ||| FLEEEEING.
  3916 | D:4      | 3916 ||| STAIRDANCE
  4034 | D:4      | 4034 ||| Stepping ~*~*~tactically~*~*~ (stealth).
  4048 | D:4      | 4048 ||| READING scroll of enchant weapon.
  4048 | D:4      | 4048 ||| ENCHANTING +4 hand axe.
  4111 | D:4      | Found a staircase to the Ecumenical Temple.
  4274 | D:4      | Reached skill level 3 in Armour
  4281 | D:4      | 4281 ||| INVOKING Berserk.
  4443 | D:4      | Found an opulent altar of Gozag.
  4510 | D:4      | 4510 ||| Stepping ~*~*~tactically~*~*~ (stealth).
  4512 | D:4      | 4512 ||| Stepping ~*~*~tactically~*~*~ (stealth).
  4563 | D:4      | Found a hazy altar of Hepliaklqana.
  4579 | D:4      | 4579 ||| INVOKING Berserk.
  4792 | D:4      | 4792 ||| Stepping ~*~*~tactically~*~*~ (stealth).
  4793 | D:4      | 4793 ||| Stepping ~*~*~tactically~*~*~ (stealth).
  4795 | D:4      | 4795 ||| Stepping ~*~*~tactically~*~*~ (stealth).
  4994 | D:4      | 4994 ||| READING scroll labelled SURIFA CUWEIGH.
  4999 | D:4      | 4999 ||| READING scroll labelled PEWAICS PUIL.
  5000 | D:4      | 5000 ||| DRINKING 4 green potions.
  5021 | D:5      | Entered Level 5 of the Dungeon
  5022 | D:5      | 5022 ||| PLANNING SEWER
  5030 | D:5      | 5030 ||| INVOKING Berserk.
  5165 | D:5      | Reached skill level 6 in Fighting
  5165 | D:5      | Reached XP level 8. HP: 70/70 MP: 7/7
  5274 | D:5      | 5274 ||| Stepping ~*~*~tactically~*~*~ (stealth).
  5288 | D:5      | 5288 ||| Stepping ~*~*~tactically~*~*~ (stealth).
  5379 | D:5      | Found a bloodstained altar of Trog.
  5395 | D:5      | 5395 ||| Stepping ~*~*~tactically~*~*~ (stealth).
  5397 | D:5      | 5397 ||| Stepping ~*~*~tactically~*~*~ (stealth).
  5417 | D:5      | Reached *** piety under Trog
  5503 | D:5      | Found a shimmering altar of Xom.
  5504 | D:5      | Found a shimmering altar of Xom.
  5504 | D:5      | Found a shimmering altar of Xom.
  5504 | D:5      | Found a shimmering altar of Xom.
  5505 | D:5      | Found a shimmering altar of Xom.
  5505 | D:5      | Found a shimmering altar of Xom.
  5603 | D:5      | 5603 ||| Stepping ~*~*~tactically~*~*~ (stealth).
  5637 | D:5      | 5637 ||| INVOKING Berserk.
  5642 | D:5      | Reached skill level 12 in Axes
  5744 | D:5      | 5744 ||| RIP SEWER
  5757 | D:5      | 5757 ||| PLANNING D:1-11
  6002 | D:5      | 6002 ||| Stepping ~*~*~tactically~*~*~ (water).
  6079 | D:5      | 6079 ||| Stepping ~*~*~tactically~*~*~ (hiding).
  6087 | D:5      | 6087 ||| FLEEEEING.
  6088 | D:5      | 6088 ||| FLEEEEING.
  6089 | D:5      | 6089 ||| FLEEEEING.
  6090 | D:5      | 6090 ||| FLEEEEING.
  6091 | D:5      | 6091 ||| FLEEEEING.
  6092 | D:5      | 6092 ||| FLEEEEING.
  6095 | D:5      | 6095 ||| FLEEEEING.
  6096 | D:5      | 6096 ||| FLEEEEING.
  6097 | D:5      | 6097 ||| FLEEEEING.
  6098 | D:5      | 6098 ||| FLEEEEING.
  6099 | D:5      | 6099 ||| FLEEEEING.
  6100 | D:5      | 6100 ||| FLEEEEING.
  6101 | D:5      | 6101 ||| FLEEEEING.
  6102 | D:5      | 6102 ||| FLEEEEING.
  6103 | D:5      | 6103 ||| FLEEEEING.
  6104 | D:5      | 6104 ||| FLEEEEING.
  6105 | D:5      | 6105 ||| FLEEEEING.
  6106 | D:5      | 6106 ||| FLEEEEING.
  6107 | D:5      | 6107 ||| FLEEEEING.
  6108 | D:5      | 6108 ||| FLEEEEING.
  6253 | D:5      | 6253 ||| UPGRADING to +0 pair of gloves.
  6258 | D:5      | 6258 ||| READING scroll labelled TOEREI NAEWO.
  6259 | D:5      | 6259 ||| READING 5 scrolls of identify.
  6259 | D:5      | 6259 ||| IDENTIFYING red potion
  6260 | D:5      | 6260 ||| READING 4 scrolls of identify.
  6260 | D:5      | 6260 ||| IDENTIFYING pink potion
  6261 | D:5      | 6261 ||| READING 3 scrolls of identify.
  6261 | D:5      | 6261 ||| IDENTIFYING bubbling brown potion
  6262 | D:5      | 6262 ||| READING 2 scrolls of identify.
  6262 | D:5      | 6262 ||| IDENTIFYING murky cyan potion
  6263 | D:5      | 6263 ||| DROPPING potion of degeneration.
  6264 | D:5      | 6264 ||| DROPPING potion of brilliance.
  6265 | D:5      | 6265 ||| DROPPING potion of magic.
  6408 | D:6      | 6408 ||| Stepping ~*~*~tactically~*~*~ (hiding).
  6428 | D:6      | Reached skill level 7 in Fighting
  6441 | D:6      | Reached XP level 9. HP: 70/79 MP: 8/8
  6504 | D:6      | Found a broken altar of Ashenzari.
  6704 | D:6      | 6704 ||| Stepping ~*~*~tactically~*~*~ (stealth).
  6756 | D:6      | 6756 ||| DROPPING +1 whip of distortion.
  7183 | D:6      | 7183 ||| READING scroll labelled WANGU PAMI.
  7184 | D:6      | 7184 ||| DRINKING 2 fizzy orange potions.
  7215 | D:6      | 7215 ||| READING 3 scrolls of identify.
  7215 | D:6      | 7215 ||| IDENTIFYING black potion
  7216 | D:6      | 7216 ||| DROPPING potion of lignification.
  7217 | D:6      | 7217 ||| DROPPING potion of invisibility.
  7256 | D:7      | 7256 ||| INVOKING Berserk.
  7619 | D:7      | 7619 ||| Stepping ~*~*~tactically~*~*~ (stealth).
  7633 | D:7      | Reached **** piety under Trog
  7648 | D:7      | Reached skill level 3 in Throwing
  7819 | D:7      | 7819 ||| INVOKING Berserk.
  8042 | D:7      | Reached skill level 8 in Fighting
  8155 | D:7      | 8155 ||| READING scroll labelled GASHRO VOFAWOSU.
  8293 | D:8      | 8293 ||| INVOKING Berserk.
  8318 | D:8      | 8318 ||| Stepping ~*~*~tactically~*~*~ (stealth).
  8336 | D:8      | 8336 ||| INVOKING Berserk.
  8570 | D:8      | 8570 ||| Stepping ~*~*~tactically~*~*~ (stealth).
  8586 | D:8      | Found a staircase to the Lair.
  8590 | D:8      | 8590 ||| Stepping ~*~*~tactically~*~*~ (stealth).
  8662 | D:8      | 8662 ||| Stepping ~*~*~tactically~*~*~ (hiding).
  8663 | D:8      | 8663 ||| Stepping ~*~*~tactically~*~*~ (hiding).
  8673 | D:8      | Reached skill level 3 in Dodging
  9004 | D:8      | Reached XP level 10. HP: 89/90 MP: 9/9
  9049 | D:8      | Found a sacrificial altar of Ru.
  9087 | D:8      | 9087 ||| Stepping ~*~*~tactically~*~*~ (stealth).
  9089 | D:8      | 9089 ||| Stepping ~*~*~tactically~*~*~ (hiding).
  9103 | D:8      | Reached skill level 9 in Fighting
  9235 | D:8      | 9235 ||| Stepping ~*~*~tactically~*~*~ (hiding).
  9237 | D:8      | 9237 ||| Stepping ~*~*~tactically~*~*~ (hiding).
  9259 | D:8      | 9259 ||| INVOKING Berserk.
  9279 | D:8      | Reached skill level 6 in Armour
  9566 | D:8      | 9566 ||| READING scroll of enchant weapon.
  9566 | D:8      | 9566 ||| ENCHANTING +5 hand axe.
  9661 | D:8      | 9661 ||| Stepping ~*~*~tactically~*~*~ (stealth).
  9664 | D:8      | 9664 ||| Stepping ~*~*~tactically~*~*~ (stealth).
  9886 | D:8      | 9886 ||| Stepping ~*~*~tactically~*~*~ (hiding).
  9887 | D:8      | 9887 ||| Stepping ~*~*~tactically~*~*~ (hiding).
  9889 | D:8      | 9889 ||| Stepping ~*~*~tactically~*~*~ (hiding).
 10224 | D:8      | 10224 ||| PLANNING LAIR
 10224 | D:8      | 10224 ||| UPGRADING to +2 buckler.
 10229 | D:8      | 10229 ||| READING 3 scrolls labelled DUGAXYFITE.
 10230 | D:8      | 10230 ||| DROPPING 2 scrolls of vulnerability.
 10288 | Lair:1   | Entered Level 1 of the Lair of Beasts
 10288 | Lair:1   | Noticed a cane toad
 10293 | Lair:1   | 10293 ||| INVOKING Berserk.
 10296 | Lair:1   | Killed a cane toad
 10300 | Lair:1   | Reached skill level 3 in Shields
 10414 | Lair:1   | Noticed a cane toad
 10418 | Lair:1   | 10418 ||| INVOKING Berserk.
 10421 | Lair:1   | Killed a cane toad
 10422 | Lair:1   | Reached skill level 6 in Shields
 10558 | Lair:1   | Noticed a cane toad
 10561 | Lair:1   | 10561 ||| INVOKING Berserk.
 10563 | Lair:1   | Killed a cane toad
 10671 | Lair:1   | 10671 ||| Stepping ~*~*~tactically~*~*~ (hiding).
 10673 | Lair:1   | 10673 ||| Stepping ~*~*~tactically~*~*~ (hiding).
 10675 | Lair:1   | 10675 ||| Stepping ~*~*~tactically~*~*~ (hiding).
 10739 | Lair:1   | Noticed a cane toad
 10743 | Lair:1   | 10743 ||| INVOKING Berserk.
 10744 | Lair:1   | Killed a cane toad
 10745 | Lair:1   | Reached skill level 10 in Fighting
 10869 | Lair:1   | You fall into a shaft and drop 1 floor!
 10886 | Lair:2   | Noticed a cane toad
 10887 | Lair:2   | 10887 ||| INVOKING Berserk.
 10891 | Lair:2   | Killed a cane toad
 11001 | Lair:1   | 11001 ||| INVOKING Berserk.
 11058 | Lair:1   | Noticed a cane toad
 11062 | Lair:1   | 11062 ||| INVOKING Berserk.
 11066 | Lair:1   | Killed a cane toad
 11067 | Lair:1   | Reached XP level 11. HP: 101/101 MP: 10/10
 11208 | Lair:1   | Noticed Harold
 11212 | Lair:1   | 11212 ||| INVOKING Berserk.
 11219 | Lair:1   | Killed Harold
 11391 | Lair:1   | Reached skill level 11 in Fighting
 11391 | Lair:1   | 11391 ||| READING scroll of enchant armour.
 11391 | Lair:1   | 11391 ||| ENCHANTING +0 pair of gloves.
 11472 | Lair:1   | 11472 ||| INVOKING Berserk.
 11578 | Lair:1   | 11578 ||| Stepping ~*~*~tactically~*~*~ (stealth).
 11579 | Lair:1   | 11579 ||| INVOKING Berserk.
 11802 | Lair:1   | 11802 ||| INVOKING Berserk.
 11938 | Lair:1   | Noticed Amaemon
 11940 | Lair:1   | 11940 ||| INVOKING Berserk.
 11947 | Lair:1   | Killed Amaemon
 11950 | Lair:1   | Reached skill level 12 in Fighting
 12054 | Lair:1   | 12054 ||| DROPPING +2 flail of draining.
 12135 | Lair:1   | Noticed an eight-headed hydra
 12139 | Lair:1   | 12139 ||| SWAPPING to -2 demon whip of venom.
 12140 | Lair:1   | 12140 ||| INVOKING Berserk.
 12143 | Lair:1   | Killed an eight-headed hydra
 12167 | Lair:1   | 12167 ||| SWAPPING to +6 hand axe.
 12445 | Lair:1   | 12445 ||| UPGRADING to +0 pair of boots.
 12450 | Lair:1   | 12450 ||| DROPPING +6 ring of intelligence.
 12451 | Lair:1   | 12451 ||| READING scroll labelled JUITESTEATH.
 12452 | Lair:1   | 12452 ||| DROPPING -2 demon whip of venom.
 12502 | Lair:2   | 12502 ||| INVOKING Berserk.
 12552 | Lair:2   | 12552 ||| INVOKING Berserk.
 12563 | Lair:2   | Reached skill level 9 in Armour
 12590 | Lair:2   | 12590 ||| DRINKING 2 potions of cancellation.
 12618 | Lair:2   | 12618 ||| Stepping ~*~*~tactically~*~*~ (stealth).
 12758 | Lair:2   | 12758 ||| Stepping ~*~*~tactically~*~*~ (stealth).
 12764 | Lair:2   | 12764 ||| Stepping ~*~*~tactically~*~*~ (stealth).
 12767 | Lair:2   | 12767 ||| Stepping ~*~*~tactically~*~*~ (stealth).
 12769 | Lair:2   | 12769 ||| Stepping ~*~*~tactically~*~*~ (hiding).
 12770 | Lair:2   | 12770 ||| Stepping ~*~*~tactically~*~*~ (hiding).
 12772 | Lair:2   | 12772 ||| Stepping ~*~*~tactically~*~*~ (hiding).
 12779 | Lair:2   | Noticed a boulder beetle
 12784 | Lair:2   | 12784 ||| INVOKING Berserk.
 12803 | Lair:2   | Killed a boulder beetle
 13132 | Lair:2   | 13132 ||| INVOKING Berserk.
 13137 | Lair:2   | Reached skill level 13 in Fighting
 13162 | Lair:2   | Reached XP level 12. HP: 69/115 MP: 11/11
 13354 | Lair:2   | Found a staircase to the Shoals.
 13791 | Lair:3   | 13791 ||| READING scroll of enchant weapon.
 13791 | Lair:3   | 13791 ||| ENCHANTING +6 hand axe of flaming.
 14158 | Lair:3   | 14158 ||| Stepping ~*~*~tactically~*~*~ (hiding).
 14159 | Lair:3   | 14159 ||| Stepping ~*~*~tactically~*~*~ (hiding).
 14160 | Lair:3   | 14160 ||| Stepping ~*~*~tactically~*~*~ (hiding).
 14161 | Lair:3   | 14161 ||| Stepping ~*~*~tactically~*~*~ (hiding).
 14168 | Lair:3   | Found a staircase to the Snake Pit.
 14481 | Lair:3   | Reached skill level 6 in Throwing
 14623 | Lair:3   | 14623 ||| READING 6 scrolls of identify.
 14623 | Lair:3   | 14623 ||| IDENTIFYING fuming clear potion
 14624 | Lair:3   | 14624 ||| READING 5 scrolls of identify.
 14624 | Lair:3   | 14624 ||| IDENTIFYING blue potion
 14625 | Lair:3   | 14625 ||| DROPPING potion of flight.
 14647 | Lair:4   | Reached skill level 9 in Shields
 14661 | Lair:4   | 14661 ||| INVOKING Berserk.
 14823 | Lair:4   | 14823 ||| INVOKING Berserk.
 14844 | Lair:4   | Reached skill level 14 in Fighting
 14996 | Lair:4   | 14996 ||| Stepping ~*~*~tactically~*~*~ (stealth).
 14998 | Lair:4   | 14998 ||| Stepping ~*~*~tactically~*~*~ (stealth).
 15000 | Lair:4   | 15000 ||| Stepping ~*~*~tactically~*~*~ (stealth).
 15024 | Lair:4   | 15024 ||| FLEEEEING.
 15025 | Lair:4   | 15025 ||| FLEEEEING.
 15026 | Lair:4   | 15026 ||| FLEEEEING.
 15027 | Lair:4   | 15027 ||| FLEEEEING.
 15028 | Lair:4   | 15028 ||| FLEEEEING.
 15029 | Lair:4   | 15029 ||| FLEEEEING.
 15030 | Lair:4   | 15030 ||| FLEEEEING.
 15031 | Lair:4   | 15031 ||| FLEEEEING.
 15032 | Lair:4   | 15032 ||| FLEEEEING.
 15033 | Lair:4   | 15033 ||| FLEEEEING.
 15034 | Lair:4   | 15034 ||| FLEEEEING.
 15035 | Lair:4   | 15035 ||| FLEEEEING.
 15036 | Lair:4   | 15036 ||| FLEEEEING.
 15037 | Lair:4   | 15037 ||| FLEEEEING.
 15038 | Lair:4   | 15038 ||| FLEEEEING.
 15040 | Lair:4   | 15040 ||| FLEEEEING.
 15041 | Lair:4   | 15041 ||| FLEEEEING.
 15042 | Lair:4   | 15042 ||| FLEEEEING.
 15043 | Lair:4   | 15043 ||| FLEEEEING.
 15044 | Lair:4   | 15044 ||| FLEEEEING.
 15045 | Lair:4   | 15045 ||| FLEEEEING.
 15046 | Lair:4   | 15046 ||| FLEEEEING.
 15047 | Lair:4   | 15047 ||| FLEEEEING.
 15048 | Lair:4   | 15048 ||| FLEEEEING.
 15049 | Lair:4   | 15049 ||| STAIRDANCE
 15133 | Lair:4   | 15133 ||| STAIRDANCE
 15140 | Lair:3   | Reached skill level 6 in Dodging
 15215 | Lair:4   | 15215 ||| Stepping ~*~*~tactically~*~*~ (stealth).
 15235 | Lair:4   | 15235 ||| Stepping ~*~*~tactically~*~*~ (stealth).
 15280 | Lair:4   | 15280 ||| Stepping ~*~*~tactically~*~*~ (stealth).
 15284 | Lair:4   | 15284 ||| Stepping ~*~*~tactically~*~*~ (stealth).
 15308 | Lair:4   | 15308 ||| FLEEEEING.
 15314 | Lair:4   | 15314 ||| FLEEEEING.
 15323 | Lair:4   | 15323 ||| FLEEEEING.
 15324 | Lair:4   | 15324 ||| FLEEEEING.
 15325 | Lair:4   | 15325 ||| FLEEEEING.
 15326 | Lair:4   | 15326 ||| FLEEEEING.
 15327 | Lair:4   | 15327 ||| FLEEEEING.
 15328 | Lair:4   | 15328 ||| FLEEEEING.
 15329 | Lair:4   | 15329 ||| FLEEEEING.
 15330 | Lair:4   | 15330 ||| FLEEEEING.
 15331 | Lair:4   | 15331 ||| FLEEEEING.
 15332 | Lair:4   | 15332 ||| FLEEEEING.
 15333 | Lair:4   | 15333 ||| FLEEEEING.
 15334 | Lair:4   | 15334 ||| FLEEEEING.
 15335 | Lair:4   | 15335 ||| FLEEEEING.
 15336 | Lair:4   | 15336 ||| FLEEEEING.
 15337 | Lair:4   | 15337 ||| STAIRDANCE
 15514 | Lair:4   | 15514 ||| Stepping ~*~*~tactically~*~*~ (stealth).
 15578 | Lair:4   | 15578 ||| INVOKING Berserk.
 15965 | Lair:4   | Reached skill level 15 in Fighting
 15969 | Lair:4   | Reached ***** piety under Trog
 16138 | Lair:4   | 16138 ||| Stepping ~*~*~tactically~*~*~ (stealth).
 16140 | Lair:4   | 16140 ||| Stepping ~*~*~tactically~*~*~ (stealth).
 16150 | Lair:4   | 16150 ||| Stepping ~*~*~tactically~*~*~ (stealth).
 16154 | Lair:4   | Reached XP level 13. HP: 100/126 MP: 12/12
 16284 | Lair:4   | 16284 ||| Stepping ~*~*~tactically~*~*~ (stealth).
 16322 | Lair:4   | 16322 ||| Stepping ~*~*~tactically~*~*~ (stealth).
 16727 | Lair:5   | Entered Level 5 of the Lair of Beasts
 16779 | Lair:5   | 16779 ||| INVOKING Berserk.
 16887 | Lair:5   | 16887 ||| Stepping ~*~*~tactically~*~*~ (stealth).
 16891 | Lair:5   | 16891 ||| Stepping ~*~*~tactically~*~*~ (stealth).
 16893 | Lair:5   | 16893 ||| INVOKING Berserk.
 16964 | Lair:5   | 16964 ||| INVOKING Berserk.
 17088 | Lair:5   | 17088 ||| Stepping ~*~*~tactically~*~*~ (stealth).
 17130 | Lair:5   | Reached skill level 12 in Armour
 17363 | Lair:5   | 17363 ||| INVOKING Berserk.
 17366 | Lair:5   | Reached skill level 16 in Fighting
 17615 | Lair:5   | 17615 ||| Stepping ~*~*~tactically~*~*~ (stealth).
 17632 | Lair:5   | 17632 ||| Stepping ~*~*~tactically~*~*~ (stealth).
 17633 | Lair:5   | 17633 ||| Stepping ~*~*~tactically~*~*~ (stealth).
 17903 | Lair:5   | 17903 ||| Stepping ~*~*~tactically~*~*~ (stealth).
 17904 | Lair:5   | Found a staircase to the Slime Pits.
 17905 | Lair:5   | 17905 ||| INVOKING Brothers in Arms.
 17916 | Lair:5   | 17916 ||| INVOKING Brothers in Arms.
 17920 | Lair:5   | 17920 ||| INVOKING Berserk.
 17929 | Lair:5   | 17929 ||| DRINKING potion of cancellation.
 18115 | Lair:5   | Reached skill level 17 in Fighting
 18242 | Lair:5   | 18242 ||| INVOKING Brothers in Arms.
 18244 | Lair:5   | 18244 ||| INVOKING Berserk.
 18262 | Lair:5   | 18262 ||| Stepping ~*~*~tactically~*~*~ (stealth).
 18272 | Lair:5   | 18272 ||| Stepping ~*~*~tactically~*~*~ (stealth).
 18405 | Lair:5   | 18405 ||| INVOKING Brothers in Arms.
 18413 | Lair:5   | 18413 ||| INVOKING Berserk.
 18515 | Lair:5   | 18515 ||| Stepping ~*~*~tactically~*~*~ (stealth).
 18517 | Lair:5   | 18517 ||| Stepping ~*~*~tactically~*~*~ (hiding).
 18522 | Lair:5   | 18522 ||| INVOKING Berserk.
 18537 | Lair:5   | Reached XP level 14. HP: 140/140 MP: 13/13
 18729 | Lair:5   | 18729 ||| DROPPING +1 vorpal hand axe.
 18997 | Lair:5   | 18997 ||| Stepping ~*~*~tactically~*~*~ (stealth).
 19006 | Lair:5   | 19006 ||| INVOKING Berserk.
 19166 | Lair:5   | 19166 ||| Stepping ~*~*~tactically~*~*~ (stealth).
 19229 | Lair:5   | 19229 ||| Stepping ~*~*~tactically~*~*~ (hiding).
 19235 | Lair:5   | 19235 ||| INVOKING Berserk.
 19599 | Lair:5   | 19599 ||| FLEEEEING.
 19600 | Lair:5   | 19600 ||| FLEEEEING.
 19601 | Lair:5   | 19601 ||| FLEEEEING.
 19602 | Lair:5   | 19602 ||| FLEEEEING.
 19603 | Lair:5   | 19603 ||| FLEEEEING.
 19604 | Lair:5   | 19604 ||| FLEEEEING.
 19605 | Lair:5   | 19605 ||| FLEEEEING.
 19607 | Lair:5   | 19607 ||| FLEEEEING.
 19608 | Lair:5   | 19608 ||| FLEEEEING.
 19609 | Lair:5   | 19609 ||| STAIRDANCE
 19653 | Lair:4   | 19653 ||| READING 4 scrolls of identify.
 19653 | Lair:4   | 19653 ||| IDENTIFYING fuming pink potion
 19897 | Lair:5   | 19897 ||| PLANNING D:1-11
 20048 | D:9      | 20048 ||| FLEEEEING.
 20049 | D:9      | 20049 ||| STAIRDANCE
 20094 | D:9      | 20094 ||| STAIRDANCE
 20234 | D:9      | 20234 ||| Stepping ~*~*~tactically~*~*~ (stealth).
 20247 | D:9      | 20247 ||| Stepping ~*~*~tactically~*~*~ (hiding).
 20250 | D:9      | 20250 ||| Stepping ~*~*~tactically~*~*~ (hiding).
 20267 | D:9      | 20267 ||| FLEEEEING.
 20268 | D:9      | 20268 ||| FLEEEEING.
 20269 | D:9      | 20269 ||| FLEEEEING.
 20270 | D:9      | 20270 ||| FLEEEEING.
 20271 | D:9      | 20271 ||| FLEEEEING.
 20272 | D:9      | 20272 ||| FLEEEEING.
 20273 | D:9      | 20273 ||| FLEEEEING.
 20274 | D:9      | 20274 ||| FLEEEEING.
 20275 | D:9      | 20275 ||| FLEEEEING.
 20276 | D:9      | 20276 ||| FLEEEEING.
 20277 | D:9      | 20277 ||| FLEEEEING.
 20278 | D:9      | 20278 ||| FLEEEEING.
 20279 | D:9      | 20279 ||| FLEEEEING.
 20280 | D:9      | 20280 ||| FLEEEEING.
 20281 | D:9      | 20281 ||| FLEEEEING.
 20282 | D:9      | 20282 ||| FLEEEEING.
 20283 | D:9      | 20283 ||| FLEEEEING.
 20284 | D:9      | 20284 ||| FLEEEEING.
 20285 | D:9      | 20285 ||| FLEEEEING.
 20286 | D:9      | 20286 ||| FLEEEEING.
 20287 | D:9      | 20287 ||| FLEEEEING.
 20288 | D:9      | 20288 ||| FLEEEEING.
 20289 | D:9      | 20289 ||| FLEEEEING.
 20290 | D:9      | 20290 ||| FLEEEEING.
 20291 | D:9      | 20291 ||| FLEEEEING.
 20292 | D:9      | 20292 ||| FLEEEEING.
 20293 | D:9      | 20293 ||| FLEEEEING.
 20294 | D:9      | 20294 ||| FLEEEEING.
 20295 | D:9      | 20295 ||| FLEEEEING.
 20296 | D:9      | 20296 ||| STAIRDANCE
 20347 | D:8      | 20347 ||| UPGRADING to +0 plate armour.
 20357 | D:8      | 20357 ||| DROPPING +0 chain mail.
 20360 | D:9      | 20360 ||| STAIRDANCE
 20398 | D:9      | Found a staircase to the Orcish Mines.
 20447 | D:9      | Found Toseyc's Assorted Antiques.
 20463 | D:9      | 20463 ||| FLEEEEING.
 20464 | D:9      | 20464 ||| FLEEEEING.
 20465 | D:9      | 20465 ||| FLEEEEING.
 20466 | D:9      | 20466 ||| FLEEEEING.
 20468 | D:9      | 20468 ||| FLEEEEING.
 20577 | D:9      | 20577 ||| FLEEEEING.
 20578 | D:9      | 20578 ||| FLEEEEING.
 20579 | D:9      | 20579 ||| FLEEEEING.
 20580 | D:9      | 20580 ||| FLEEEEING.
 20581 | D:9      | 20581 ||| FLEEEEING.
 20753 | D:9      | 20753 ||| DROPPING +1 hand axe of distortion.
 20975 | D:9      | 20975 ||| FLEEEEING.
 20976 | D:9      | 20976 ||| STAIRDANCE
 21032 | D:9      | 21032 ||| FLEEEEING.
 21033 | D:9      | 21033 ||| FLEEEEING.
 21034 | D:9      | 21034 ||| STAIRDANCE
 21193 | D:9      | 21193 ||| FLEEEEING.
 21194 | D:9      | 21194 ||| FLEEEEING.
 21195 | D:9      | 21195 ||| FLEEEEING.
 21196 | D:9      | 21196 ||| FLEEEEING.
 21197 | D:9      | 21197 ||| FLEEEEING.
 21198 | D:9      | 21198 ||| FLEEEEING.
 21199 | D:9      | 21199 ||| STAIRDANCE
 21283 | D:9      | 21283 ||| FLEEEEING.
 21284 | D:9      | 21284 ||| STAIRDANCE
 21361 | D:9      | 21361 ||| FLEEEEING.
 21362 | D:9      | 21362 ||| FLEEEEING.
 21363 | D:9      | 21363 ||| FLEEEEING.
 21364 | D:9      | 21364 ||| STAIRDANCE
 21464 | D:9      | 21464 ||| FLEEEEING.
 21465 | D:9      | 21465 ||| FLEEEEING.
 21466 | D:9      | 21466 ||| FLEEEEING.
 21467 | D:9      | 21467 ||| FLEEEEING.
 21469 | D:9      | 21469 ||| FLEEEEING.
 21470 | D:9      | 21470 ||| FLEEEEING.
 21471 | D:9      | 21471 ||| FLEEEEING.
 21472 | D:9      | 21472 ||| FLEEEEING.
 21477 | D:9      | 21477 ||| FLEEEEING.
 21478 | D:9      | 21478 ||| FLEEEEING.
 21479 | D:9      | 21479 ||| FLEEEEING.
 21480 | D:9      | 21480 ||| FLEEEEING.
 21481 | D:9      | 21481 ||| FLEEEEING.
 21482 | D:9      | 21482 ||| FLEEEEING.
 21483 | D:9      | 21483 ||| FLEEEEING.
 21484 | D:9      | 21484 ||| FLEEEEING.
 21485 | D:9      | 21485 ||| FLEEEEING.
 21486 | D:9      | 21486 ||| FLEEEEING.
 21487 | D:9      | 21487 ||| FLEEEEING.
 21488 | D:9      | 21488 ||| FLEEEEING.
 21489 | D:9      | 21489 ||| FLEEEEING.
 21490 | D:9      | 21490 ||| FLEEEEING.
 21491 | D:9      | 21491 ||| FLEEEEING.
 21492 | D:9      | 21492 ||| STAIRDANCE
 21599 | D:9      | 21599 ||| FLEEEEING.
 21600 | D:9      | 21600 ||| STAIRDANCE
 21666 | D:9      | 21666 ||| FLEEEEING.
 21667 | D:9      | 21667 ||| STAIRDANCE
 21730 | D:9      | 21730 ||| FLEEEEING.
 21731 | D:9      | 21731 ||| FLEEEEING.
 21732 | D:9      | 21732 ||| FLEEEEING.
 21733 | D:9      | 21733 ||| STAIRDANCE
 21809 | D:9      | 21809 ||| FLEEEEING.
 21810 | D:9      | 21810 ||| FLEEEEING.
 21811 | D:9      | 21811 ||| FLEEEEING.
 21812 | D:9      | 21812 ||| FLEEEEING.
 21814 | D:9      | 21814 ||| STAIRDANCE
 21886 | D:9      | 21886 ||| FLEEEEING.
 21887 | D:9      | 21887 ||| STAIRDANCE
 21967 | D:9      | 21967 ||| FLEEEEING.
 21968 | D:9      | 21968 ||| STAIRDANCE
 22033 | D:9      | 22033 ||| FLEEEEING.
 22034 | D:9      | 22034 ||| STAIRDANCE
 22115 | D:9      | 22115 ||| FLEEEEING.
 22116 | D:9      | 22116 ||| STAIRDANCE
 22211 | D:9      | 22211 ||| FLEEEEING.
 22212 | D:9      | 22212 ||| FLEEEEING.
 22213 | D:9      | 22213 ||| FLEEEEING.
 22214 | D:9      | 22214 ||| FLEEEEING.
 22215 | D:9      | 22215 ||| FLEEEEING.
 22216 | D:9      | 22216 ||| FLEEEEING.
 22217 | D:9      | 22217 ||| FLEEEEING.
 22218 | D:9      | 22218 ||| FLEEEEING.
 22219 | D:9      | 22219 ||| FLEEEEING.
 22220 | D:9      | 22220 ||| STAIRDANCE
 22364 | D:9      | 22364 ||| FLEEEEING.
 22367 | D:9      | 22367 ||| STAIRDANCE
 22452 | D:9      | 22452 ||| FLEEEEING.
 22453 | D:9      | 22453 ||| FLEEEEING.
 22454 | D:9      | 22454 ||| FLEEEEING.
 22455 | D:9      | 22455 ||| FLEEEEING.
 22456 | D:9      | 22456 ||| FLEEEEING.
 22457 | D:9      | 22457 ||| FLEEEEING.
 22458 | D:9      | 22458 ||| FLEEEEING.
 22459 | D:9      | 22459 ||| FLEEEEING.
 22460 | D:9      | 22460 ||| FLEEEEING.
 22461 | D:9      | 22461 ||| FLEEEEING.
 22462 | D:9      | 22462 ||| FLEEEEING.
 22463 | D:9      | 22463 ||| FLEEEEING.
 22464 | D:9      | 22464 ||| FLEEEEING.
 22465 | D:9      | 22465 ||| FLEEEEING.
 22466 | D:9      | 22466 ||| FLEEEEING.
 22467 | D:9      | 22467 ||| FLEEEEING.
 22611 | D:9      | 22611 ||| FLEEEEING.
 22729 | D:9      | 22729 ||| FLEEEEING.
 22730 | D:9      | 22730 ||| FLEEEEING.
 22839 | D:9      | 22839 ||| FLEEEEING.
 22840 | D:9      | 22840 ||| FLEEEEING.
 22841 | D:9      | 22841 ||| FLEEEEING.
 22842 | D:9      | 22842 ||| FLEEEEING.
 22843 | D:9      | 22843 ||| FLEEEEING.
 22844 | D:9      | 22844 ||| FLEEEEING.
 22845 | D:9      | 22845 ||| FLEEEEING.
 22846 | D:9      | 22846 ||| FLEEEEING.
 22847 | D:9      | 22847 ||| FLEEEEING.
 22848 | D:9      | 22848 ||| FLEEEEING.
 22849 | D:9      | 22849 ||| FLEEEEING.
 22850 | D:9      | 22850 ||| FLEEEEING.
 22851 | D:9      | 22851 ||| FLEEEEING.
 22852 | D:9      | 22852 ||| FLEEEEING.
 22853 | D:9      | 22853 ||| FLEEEEING.
 22854 | D:9      | 22854 ||| FLEEEEING.
 22855 | D:9      | 22855 ||| FLEEEEING.
 22988 | D:9      | 22988 ||| FLEEEEING.
 23112 | D:9      | 23112 ||| FLEEEEING.
 23176 | D:9      | 23176 ||| FLEEEEING.
 23177 | D:9      | 23177 ||| FLEEEEING.
 23178 | D:9      | 23178 ||| FLEEEEING.
 23179 | D:9      | 23179 ||| FLEEEEING.
 23180 | D:9      | 23180 ||| FLEEEEING.
 23181 | D:9      | 23181 ||| FLEEEEING.
 23182 | D:9      | 23182 ||| FLEEEEING.
 23183 | D:9      | 23183 ||| FLEEEEING.
 23184 | D:9      | 23184 ||| FLEEEEING.
 23185 | D:9      | 23185 ||| FLEEEEING.
 23288 | D:9      | 23288 ||| FLEEEEING.
 23289 | D:9      | 23289 ||| FLEEEEING.
 23290 | D:9      | 23290 ||| FLEEEEING.
 23291 | D:9      | 23291 ||| FLEEEEING.
 23292 | D:9      | 23292 ||| FLEEEEING.
 23293 | D:9      | 23293 ||| FLEEEEING.
 23294 | D:9      | 23294 ||| FLEEEEING.
 23295 | D:9      | 23295 ||| FLEEEEING.
 23296 | D:9      | 23296 ||| FLEEEEING.
 23297 | D:9      | 23297 ||| FLEEEEING.
 23298 | D:9      | 23298 ||| FLEEEEING.
 23441 | D:9      | 23441 ||| FLEEEEING.
 23442 | D:9      | 23442 ||| FLEEEEING.
 23443 | D:9      | 23443 ||| FLEEEEING.
 23444 | D:9      | 23444 ||| FLEEEEING.
 23445 | D:9      | 23445 ||| FLEEEEING.
 23446 | D:9      | 23446 ||| FLEEEEING.
 23447 | D:9      | 23447 ||| FLEEEEING.
 23448 | D:9      | 23448 ||| FLEEEEING.
 23449 | D:9      | 23449 ||| FLEEEEING.
 23450 | D:9      | 23450 ||| FLEEEEING.
 23451 | D:9      | 23451 ||| FLEEEEING.
 23452 | D:9      | 23452 ||| FLEEEEING.
 23453 | D:9      | 23453 ||| FLEEEEING.
 23454 | D:9      | 23454 ||| FLEEEEING.
 23622 | D:9      | 23622 ||| FLEEEEING.
 23623 | D:9      | 23623 ||| FLEEEEING.
 23687 | D:9      | 23687 ||| FLEEEEING.
 23688 | D:9      | 23688 ||| FLEEEEING.
 23689 | D:9      | 23689 ||| FLEEEEING.
 23690 | D:9      | 23690 ||| FLEEEEING.
 23742 | D:9      | 23742 ||| FLEEEEING.
 23793 | D:9      | 23793 ||| FLEEEEING.
 23794 | D:9      | 23794 ||| FLEEEEING.
 23796 | D:9      | 23796 ||| FLEEEEING.
 23797 | D:9      | 23797 ||| FLEEEEING.
 23863 | D:9      | 23863 ||| FLEEEEING.
 23934 | D:9      | 23934 ||| FLEEEEING.
 23935 | D:9      | 23935 ||| FLEEEEING.
 23936 | D:9      | 23936 ||| FLEEEEING.
 23997 | D:9      | 23997 ||| FLEEEEING.
 23999 | D:9      | 23999 ||| FLEEEEING.
 24000 | D:9      | 24000 ||| FLEEEEING.
 24001 | D:9      | 24001 ||| FLEEEEING.
 24002 | D:9      | 24002 ||| FLEEEEING.
 24103 | D:9      | 24103 ||| FLEEEEING.
 24155 | D:9      | 24155 ||| FLEEEEING.
 24156 | D:9      | 24156 ||| FLEEEEING.
 24157 | D:9      | 24157 ||| FLEEEEING.
 24158 | D:9      | 24158 ||| FLEEEEING.
 24159 | D:9      | 24159 ||| FLEEEEING.
 24330 | D:9      | 24330 ||| FLEEEEING.
 24421 | D:9      | 24421 ||| FLEEEEING.
 24482 | D:9      | 24482 ||| FLEEEEING.
 24539 | D:9      | 24539 ||| FLEEEEING.
 24606 | D:9      | 24606 ||| FLEEEEING.
 24607 | D:9      | 24607 ||| FLEEEEING.
 24684 | D:9      | 24684 ||| FLEEEEING.
 24685 | D:9      | 24685 ||| FLEEEEING.
 24751 | D:9      | 24751 ||| FLEEEEING.
 24752 | D:9      | 24752 ||| FLEEEEING.
 24753 | D:9      | 24753 ||| FLEEEEING.
 24754 | D:9      | 24754 ||| FLEEEEING.
 24756 | D:9      | 24756 ||| FLEEEEING.
 24843 | D:9      | 24843 ||| FLEEEEING.
 24844 | D:9      | 24844 ||| FLEEEEING.
 24845 | D:9      | 24845 ||| FLEEEEING.
 24846 | D:9      | 24846 ||| FLEEEEING.
 24847 | D:9      | 24847 ||| FLEEEEING.
 24848 | D:9      | 24848 ||| FLEEEEING.
 24849 | D:9      | 24849 ||| FLEEEEING.
 24850 | D:9      | 24850 ||| FLEEEEING.
 24851 | D:9      | 24851 ||| FLEEEEING.
 24852 | D:9      | 24852 ||| FLEEEEING.
 24946 | D:9      | 24946 ||| FLEEEEING.
 24947 | D:9      | 24947 ||| FLEEEEING.
 25051 | D:9      | 25051 ||| FLEEEEING.
 25056 | D:9      | 25056 ||| FLEEEEING.
 25057 | D:9      | 25057 ||| FLEEEEING.
 25058 | D:9      | 25058 ||| FLEEEEING.
 25059 | D:9      | 25059 ||| FLEEEEING.
 25060 | D:9      | 25060 ||| FLEEEEING.
 25061 | D:9      | 25061 ||| FLEEEEING.
 25062 | D:9      | 25062 ||| FLEEEEING.
 25063 | D:9      | 25063 ||| FLEEEEING.
 25064 | D:9      | 25064 ||| FLEEEEING.
 25065 | D:9      | 25065 ||| FLEEEEING.
 25155 | D:9      | 25155 ||| FLEEEEING.
 25156 | D:9      | 25156 ||| FLEEEEING.
 25158 | D:9      | 25158 ||| FLEEEEING.
 25159 | D:9      | 25159 ||| FLEEEEING.
 25208 | D:9      | 25208 ||| FLEEEEING.
 25267 | D:9      | 25267 ||| FLEEEEING.
 25354 | D:9      | 25354 ||| FLEEEEING.
 25355 | D:9      | 25355 ||| FLEEEEING.
 25435 | D:9      | 25435 ||| FLEEEEING.
 25436 | D:9      | 25436 ||| FLEEEEING.
 25509 | D:9      | 25509 ||| FLEEEEING.
 25510 | D:9      | 25510 ||| FLEEEEING.
 25511 | D:9      | 25511 ||| FLEEEEING.
 25512 | D:9      | 25512 ||| FLEEEEING.
 25513 | D:9      | 25513 ||| FLEEEEING.
 25514 | D:9      | 25514 ||| FLEEEEING.
 25515 | D:9      | 25515 ||| FLEEEEING.
 25516 | D:9      | 25516 ||| FLEEEEING.
 25517 | D:9      | 25517 ||| FLEEEEING.
 25518 | D:9      | 25518 ||| FLEEEEING.
 25519 | D:9      | 25519 ||| FLEEEEING.
 25520 | D:9      | 25520 ||| FLEEEEING.
 25521 | D:9      | 25521 ||| FLEEEEING.
 25522 | D:9      | 25522 ||| FLEEEEING.
 25523 | D:9      | 25523 ||| FLEEEEING.
 25524 | D:9      | 25524 ||| FLEEEEING.
 25525 | D:9      | 25525 ||| FLEEEEING.
 25526 | D:9      | 25526 ||| FLEEEEING.
 25527 | D:9      | 25527 ||| FLEEEEING.
 25528 | D:9      | 25528 ||| FLEEEEING.
 25784 | D:9      | 25784 ||| FLEEEEING.
 25785 | D:9      | 25785 ||| FLEEEEING.
 25786 | D:9      | 25786 ||| FLEEEEING.
 25787 | D:9      | 25787 ||| FLEEEEING.
 25882 | D:9      | 25882 ||| FLEEEEING.
 25938 | D:9      | 25938 ||| FLEEEEING.
 25939 | D:9      | 25939 ||| FLEEEEING.
 25940 | D:9      | 25940 ||| FLEEEEING.
 26042 | D:9      | 26042 ||| FLEEEEING.
 26104 | D:9      | 26104 ||| FLEEEEING.
 26222 | D:9      | 26222 ||| FLEEEEING.
 26270 | D:9      | 26270 ||| FLEEEEING.
 26271 | D:9      | 26271 ||| FLEEEEING.
 26327 | D:9      | 26327 ||| FLEEEEING.
 26418 | D:9      | 26418 ||| FLEEEEING.
 26419 | D:9      | 26419 ||| FLEEEEING.
 26420 | D:9      | 26420 ||| FLEEEEING.
 26421 | D:9      | 26421 ||| FLEEEEING.
 26422 | D:9      | 26422 ||| FLEEEEING.
 26423 | D:9      | 26423 ||| FLEEEEING.
 26424 | D:9      | 26424 ||| FLEEEEING.
 26425 | D:9      | 26425 ||| FLEEEEING.
 26426 | D:9      | 26426 ||| FLEEEEING.
 26587 | D:9      | 26587 ||| FLEEEEING.
 26642 | D:9      | 26642 ||| FLEEEEING.
 26647 | D:9      | 26647 ||| FLEEEEING.
 26709 | D:9      | 26709 ||| FLEEEEING.
 26796 | D:9      | 26796 ||| FLEEEEING.
 26843 | D:9      | 26843 ||| FLEEEEING.
 26899 | D:9      | 26899 ||| FLEEEEING.
 26965 | D:9      | 26965 ||| FLEEEEING.
 26966 | D:9      | 26966 ||| FLEEEEING.
 26967 | D:9      | 26967 ||| FLEEEEING.
 26968 | D:9      | 26968 ||| FLEEEEING.
 26969 | D:9      | 26969 ||| FLEEEEING.
 26970 | D:9      | 26970 ||| FLEEEEING.
 27025 | D:9      | 27025 ||| FLEEEEING.
 27026 | D:9      | 27026 ||| FLEEEEING.
 27027 | D:9      | 27027 ||| FLEEEEING.
 27028 | D:9      | 27028 ||| FLEEEEING.
 27029 | D:9      | 27029 ||| FLEEEEING.
 27030 | D:9      | 27030 ||| FLEEEEING.
 27031 | D:9      | 27031 ||| FLEEEEING.
 27032 | D:9      | 27032 ||| FLEEEEING.
 27033 | D:9      | 27033 ||| FLEEEEING.
 27132 | D:9      | 27132 ||| FLEEEEING.
 27133 | D:9      | 27133 ||| FLEEEEING.
 27134 | D:9      | 27134 ||| FLEEEEING.
 27135 | D:9      | 27135 ||| FLEEEEING.
 27136 | D:9      | 27136 ||| FLEEEEING.
 27137 | D:9      | 27137 ||| FLEEEEING.
 27138 | D:9      | 27138 ||| FLEEEEING.
 27139 | D:9      | 27139 ||| FLEEEEING.
 27140 | D:9      | 27140 ||| FLEEEEING.
 27312 | D:9      | 27312 ||| FLEEEEING.
 27362 | D:9      | 27362 ||| FLEEEEING.
 27485 | D:9      | 27485 ||| FLEEEEING.
 27486 | D:9      | 27486 ||| FLEEEEING.
 27487 | D:9      | 27487 ||| FLEEEEING.
 27488 | D:9      | 27488 ||| FLEEEEING.
 27489 | D:9      | 27489 ||| FLEEEEING.
 27490 | D:9      | 27490 ||| FLEEEEING.
 27491 | D:9      | 27491 ||| FLEEEEING.
 27492 | D:9      | 27492 ||| FLEEEEING.
 27493 | D:9      | 27493 ||| FLEEEEING.
 27494 | D:9      | 27494 ||| FLEEEEING.
 27568 | D:9      | 27568 ||| FLEEEEING.
 27569 | D:9      | 27569 ||| FLEEEEING.
 27630 | D:9      | 27630 ||| FLEEEEING.
 27631 | D:9      | 27631 ||| FLEEEEING.
 27632 | D:9      | 27632 ||| FLEEEEING.
 27633 | D:9      | 27633 ||| FLEEEEING.
 27766 | D:9      | 27766 ||| FLEEEEING.
 27868 | D:9      | 27868 ||| FLEEEEING.
 27869 | D:9      | 27869 ||| FLEEEEING.
 27935 | D:9      | 27935 ||| FLEEEEING.
 28034 | D:9      | 28034 ||| FLEEEEING.
 28116 | D:9      | 28116 ||| FLEEEEING.
 28117 | D:9      | 28117 ||| FLEEEEING.
 28118 | D:9      | 28118 ||| FLEEEEING.
 28119 | D:9      | 28119 ||| FLEEEEING.
 28246 | D:9      | 28246 ||| FLEEEEING.
 28247 | D:9      | 28247 ||| FLEEEEING.
 28346 | D:9      | 28346 ||| FLEEEEING.
 28347 | D:9      | 28347 ||| FLEEEEING.
 28348 | D:9      | 28348 ||| FLEEEEING.
 28349 | D:9      | 28349 ||| FLEEEEING.
 28350 | D:9      | 28350 ||| FLEEEEING.
 28351 | D:9      | 28351 ||| FLEEEEING.
 28352 | D:9      | 28352 ||| FLEEEEING.
 28353 | D:9      | 28353 ||| FLEEEEING.
 28354 | D:9      | 28354 ||| FLEEEEING.
 28355 | D:9      | 28355 ||| FLEEEEING.
 28422 | D:9      | 28422 ||| FLEEEEING.
 28423 | D:9      | 28423 ||| FLEEEEING.
 28424 | D:9      | 28424 ||| FLEEEEING.
 28425 | D:9      | 28425 ||| FLEEEEING.
 28426 | D:9      | 28426 ||| FLEEEEING.
 28427 | D:9      | 28427 ||| FLEEEEING.
 28488 | D:9      | 28488 ||| FLEEEEING.
 28489 | D:9      | 28489 ||| FLEEEEING.
 28490 | D:9      | 28490 ||| FLEEEEING.
 28491 | D:9      | 28491 ||| FLEEEEING.
 28492 | D:9      | 28492 ||| FLEEEEING.
 28493 | D:9      | 28493 ||| FLEEEEING.
 28580 | D:9      | 28580 ||| FLEEEEING.
 28581 | D:9      | 28581 ||| FLEEEEING.
 28650 | D:9      | 28650 ||| FLEEEEING.
 28725 | D:9      | 28725 ||| FLEEEEING.
 28726 | D:9      | 28726 ||| FLEEEEING.
 28727 | D:9      | 28727 ||| FLEEEEING.
 28728 | D:9      | 28728 ||| FLEEEEING.
 28730 | D:9      | 28730 ||| FLEEEEING.
 28731 | D:9      | 28731 ||| FLEEEEING.
 28781 | D:9      | 28781 ||| FLEEEEING.
 28857 | D:9      | 28857 ||| FLEEEEING.
 28858 | D:9      | 28858 ||| FLEEEEING.
 28859 | D:9      | 28859 ||| FLEEEEING.
 28860 | D:9      | 28860 ||| FLEEEEING.
 28861 | D:9      | 28861 ||| FLEEEEING.
 28862 | D:9      | 28862 ||| FLEEEEING.
 28863 | D:9      | 28863 ||| FLEEEEING.
 28864 | D:9      | 28864 ||| FLEEEEING.
 28865 | D:9      | 28865 ||| FLEEEEING.
 28866 | D:9      | 28866 ||| FLEEEEING.
 28867 | D:9      | 28867 ||| FLEEEEING.
 28868 | D:9      | 28868 ||| FLEEEEING.
 28959 | D:9      | 28959 ||| FLEEEEING.
 28960 | D:9      | 28960 ||| FLEEEEING.
 28961 | D:9      | 28961 ||| FLEEEEING.
 28962 | D:9      | 28962 ||| FLEEEEING.
 28963 | D:9      | 28963 ||| FLEEEEING.
 29032 | D:9      | 29032 ||| FLEEEEING.
 29033 | D:9      | 29033 ||| FLEEEEING.
 29034 | D:9      | 29034 ||| FLEEEEING.
 29035 | D:9      | 29035 ||| FLEEEEING.
 29036 | D:9      | 29036 ||| FLEEEEING.
 29037 | D:9      | 29037 ||| FLEEEEING.
 29118 | D:9      | 29118 ||| FLEEEEING.
 29119 | D:9      | 29119 ||| FLEEEEING.
 29182 | D:9      | 29182 ||| FLEEEEING.
 29183 | D:9      | 29183 ||| FLEEEEING.
 29184 | D:9      | 29184 ||| FLEEEEING.
 29185 | D:9      | 29185 ||| FLEEEEING.
 29244 | D:9      | 29244 ||| FLEEEEING.
 29311 | D:9      | 29311 ||| FLEEEEING.
 29378 | D:9      | 29378 ||| FLEEEEING.
 29435 | D:9      | 29435 ||| FLEEEEING.
 29436 | D:9      | 29436 ||| FLEEEEING.
 29437 | D:9      | 29437 ||| FLEEEEING.
 29552 | D:9      | 29552 ||| FLEEEEING.
 29553 | D:9      | 29553 ||| FLEEEEING.
 29554 | D:9      | 29554 ||| FLEEEEING.
 29555 | D:9      | 29555 ||| FLEEEEING.
 29556 | D:9      | 29556 ||| FLEEEEING.
 29557 | D:9      | 29557 ||| FLEEEEING.
 29558 | D:9      | 29558 ||| FLEEEEING.
 29559 | D:9      | 29559 ||| FLEEEEING.
 29560 | D:9      | 29560 ||| FLEEEEING.
 29561 | D:9      | 29561 ||| FLEEEEING.
 29562 | D:9      | 29562 ||| FLEEEEING.
 29563 | D:9      | 29563 ||| FLEEEEING.
 29564 | D:9      | 29564 ||| FLEEEEING.
 29565 | D:9      | 29565 ||| FLEEEEING.
 29795 | D:9      | 29795 ||| FLEEEEING.
 29845 | D:9      | 29845 ||| FLEEEEING.
 29846 | D:9      | 29846 ||| FLEEEEING.
 29939 | D:9      | 29939 ||| FLEEEEING.
 30010 | D:9      | 30010 ||| FLEEEEING.
 30011 | D:9      | 30011 ||| FLEEEEING.
 30012 | D:9      | 30012 ||| FLEEEEING.
 30063 | D:9      | 30063 ||| FLEEEEING.
 30064 | D:9      | 30064 ||| FLEEEEING.
 30065 | D:9      | 30065 ||| FLEEEEING.
 30066 | D:9      | 30066 ||| FLEEEEING.
 30067 | D:9      | 30067 ||| FLEEEEING.
 30068 | D:9      | 30068 ||| FLEEEEING.
 30069 | D:9      | 30069 ||| FLEEEEING.
 30070 | D:9      | 30070 ||| FLEEEEING.
 30163 | D:9      | 30163 ||| FLEEEEING.
 30245 | D:9      | 30245 ||| FLEEEEING.
 30246 | D:9      | 30246 ||| FLEEEEING.
 30247 | D:9      | 30247 ||| FLEEEEING.
 30248 | D:9      | 30248 ||| FLEEEEING.
 30249 | D:9      | 30249 ||| FLEEEEING.
 30250 | D:9      | 30250 ||| FLEEEEING.
 30252 | D:9      | 30252 ||| FLEEEEING.
 30253 | D:9      | 30253 ||| FLEEEEING.
 30254 | D:9      | 30254 ||| FLEEEEING.
 30255 | D:9      | 30255 ||| FLEEEEING.
 30256 | D:9      | 30256 ||| FLEEEEING.
 30257 | D:9      | 30257 ||| FLEEEEING.
 30258 | D:9      | 30258 ||| FLEEEEING.
 30260 | D:9      | 30260 ||| FLEEEEING.
 30261 | D:9      | 30261 ||| FLEEEEING.
 30359 | D:9      | 30359 ||| FLEEEEING.
 30420 | D:9      | 30420 ||| FLEEEEING.
 30421 | D:9      | 30421 ||| FLEEEEING.
 30422 | D:9      | 30422 ||| FLEEEEING.
 30423 | D:9      | 30423 ||| FLEEEEING.
 30424 | D:9      | 30424 ||| FLEEEEING.
 30425 | D:9      | 30425 ||| FLEEEEING.
 30426 | D:9      | 30426 ||| FLEEEEING.
 30427 | D:9      | 30427 ||| FLEEEEING.
 30428 | D:9      | 30428 ||| FLEEEEING.
 30429 | D:9      | 30429 ||| FLEEEEING.
 30513 | D:9      | 30513 ||| FLEEEEING.
 30566 | D:9      | 30566 ||| FLEEEEING.
 30611 | D:9      | 30611 ||| FLEEEEING.
 30674 | D:9      | 30674 ||| FLEEEEING.
 30675 | D:9      | 30675 ||| FLEEEEING.
 30676 | D:9      | 30676 ||| FLEEEEING.
 30741 | D:9      | 30741 ||| FLEEEEING.
 30742 | D:9      | 30742 ||| FLEEEEING.
 30743 | D:9      | 30743 ||| FLEEEEING.
 30744 | D:9      | 30744 ||| FLEEEEING.
 30745 | D:9      | 30745 ||| FLEEEEING.
 30746 | D:9      | 30746 ||| FLEEEEING.
 30747 | D:9      | 30747 ||| FLEEEEING.
 30748 | D:9      | 30748 ||| FLEEEEING.
 30749 | D:9      | 30749 ||| FLEEEEING.
 30750 | D:9      | 30750 ||| FLEEEEING.
 30751 | D:9      | 30751 ||| FLEEEEING.
 30752 | D:9      | 30752 ||| FLEEEEING.
 30894 | D:9      | 30894 ||| FLEEEEING.
 30895 | D:9      | 30895 ||| FLEEEEING.
 30896 | D:9      | 30896 ||| FLEEEEING.
 30897 | D:9      | 30897 ||| FLEEEEING.
 31005 | D:9      | 31005 ||| FLEEEEING.
 31006 | D:9      | 31006 ||| FLEEEEING.
 31007 | D:9      | 31007 ||| FLEEEEING.
 31008 | D:9      | 31008 ||| FLEEEEING.
 31009 | D:9      | 31009 ||| FLEEEEING.
 31010 | D:9      | 31010 ||| FLEEEEING.
 31011 | D:9      | 31011 ||| FLEEEEING.
 31012 | D:9      | 31012 ||| FLEEEEING.
 31013 | D:9      | 31013 ||| FLEEEEING.
 31014 | D:9      | 31014 ||| FLEEEEING.
 31015 | D:9      | 31015 ||| FLEEEEING.
 31016 | D:9      | 31016 ||| FLEEEEING.
 31017 | D:9      | 31017 ||| FLEEEEING.
 31018 | D:9      | 31018 ||| FLEEEEING.
 31019 | D:9      | 31019 ||| FLEEEEING.
 31020 | D:9      | 31020 ||| FLEEEEING.
 31021 | D:9      | 31021 ||| FLEEEEING.
 31022 | D:9      | 31022 ||| FLEEEEING.
 31144 | D:9      | 31144 ||| FLEEEEING.
 31145 | D:9      | 31145 ||| FLEEEEING.
 31146 | D:9      | 31146 ||| FLEEEEING.
 31147 | D:9      | 31147 ||| FLEEEEING.
 31148 | D:9      | 31148 ||| FLEEEEING.
 31149 | D:9      | 31149 ||| FLEEEEING.
 31150 | D:9      | 31150 ||| FLEEEEING.
 31151 | D:9      | 31151 ||| FLEEEEING.
 31152 | D:9      | 31152 ||| FLEEEEING.
 31153 | D:9      | 31153 ||| FLEEEEING.
 31154 | D:9      | 31154 ||| FLEEEEING.
 31155 | D:9      | 31155 ||| FLEEEEING.
 31156 | D:9      | 31156 ||| FLEEEEING.
 31157 | D:9      | 31157 ||| FLEEEEING.
 31158 | D:9      | 31158 ||| FLEEEEING.
 31159 | D:9      | 31159 ||| FLEEEEING.
 31160 | D:9      | 31160 ||| FLEEEEING.
 31161 | D:9      | 31161 ||| FLEEEEING.
 31162 | D:9      | 31162 ||| FLEEEEING.
 31163 | D:9      | 31163 ||| FLEEEEING.
 31164 | D:9      | 31164 ||| FLEEEEING.
 31165 | D:9      | 31165 ||| FLEEEEING.
 31166 | D:9      | 31166 ||| FLEEEEING.
 31167 | D:9      | 31167 ||| FLEEEEING.
 31168 | D:9      | 31168 ||| FLEEEEING.
 31169 | D:9      | 31169 ||| FLEEEEING.
 31170 | D:9      | 31170 ||| FLEEEEING.
 31171 | D:9      | 31171 ||| FLEEEEING.
 31442 | D:9      | 31442 ||| FLEEEEING.
 31443 | D:9      | 31443 ||| FLEEEEING.
 31512 | D:9      | 31512 ||| FLEEEEING.
 31513 | D:9      | 31513 ||| FLEEEEING.
 31514 | D:9      | 31514 ||| FLEEEEING.
 31515 | D:9      | 31515 ||| FLEEEEING.
 31516 | D:9      | 31516 ||| FLEEEEING.
 31517 | D:9      | 31517 ||| FLEEEEING.
 31518 | D:9      | 31518 ||| FLEEEEING.
 31519 | D:9      | 31519 ||| FLEEEEING.
 31639 | D:9      | 31639 ||| FLEEEEING.
 31640 | D:9      | 31640 ||| FLEEEEING.
 31641 | D:9      | 31641 ||| FLEEEEING.
 31642 | D:9      | 31642 ||| FLEEEEING.
 31643 | D:9      | 31643 ||| FLEEEEING.
 31645 | D:9      | 31645 ||| FLEEEEING.
 31715 | D:9      | 31715 ||| FLEEEEING.
 31716 | D:9      | 31716 ||| FLEEEEING.
 31717 | D:9      | 31717 ||| FLEEEEING.
 31778 | D:9      | 31778 ||| FLEEEEING.
 31779 | D:9      | 31779 ||| FLEEEEING.
 31859 | D:9      | 31859 ||| FLEEEEING.
 31951 | D:9      | 31951 ||| FLEEEEING.
 31952 | D:9      | 31952 ||| FLEEEEING.
 31953 | D:9      | 31953 ||| FLEEEEING.
 31954 | D:9      | 31954 ||| FLEEEEING.
 31955 | D:9      | 31955 ||| FLEEEEING.
 31956 | D:9      | 31956 ||| FLEEEEING.
 31957 | D:9      | 31957 ||| FLEEEEING.
 31958 | D:9      | 31958 ||| FLEEEEING.
 31959 | D:9      | 31959 ||| FLEEEEING.
 32051 | D:9      | 32051 ||| FLEEEEING.
 32052 | D:9      | 32052 ||| FLEEEEING.
 32053 | D:9      | 32053 ||| FLEEEEING.
 32054 | D:9      | 32054 ||| FLEEEEING.
 32064 | D:9      | 32064 ||| FLEEEEING.
 32065 | D:9      | 32065 ||| FLEEEEING.
 32067 | D:9      | 32067 ||| FLEEEEING.
 32142 | D:9      | 32142 ||| FLEEEEING.
 32143 | D:9      | 32143 ||| FLEEEEING.
 32263 | D:9      | 32263 ||| FLEEEEING.
 32308 | D:9      | 32308 ||| FLEEEEING.
 32377 | D:9      | 32377 ||| FLEEEEING.
 32453 | D:9      | 32453 ||| FLEEEEING.
 32545 | D:9      | 32545 ||| FLEEEEING.
 32615 | D:9      | 32615 ||| FLEEEEING.
 32745 | D:9      | 32745 ||| FLEEEEING.
 32746 | D:9      | 32746 ||| FLEEEEING.
 32747 | D:9      | 32747 ||| FLEEEEING.
 32748 | D:9      | 32748 ||| FLEEEEING.
 32749 | D:9      | 32749 ||| FLEEEEING.
 32750 | D:9      | 32750 ||| FLEEEEING.
 32751 | D:9      | 32751 ||| FLEEEEING.
 32752 | D:9      | 32752 ||| FLEEEEING.
 32753 | D:9      | 32753 ||| FLEEEEING.
 32754 | D:9      | 32754 ||| FLEEEEING.
 32891 | D:9      | 32891 ||| FLEEEEING.
 32939 | D:9      | 32939 ||| FLEEEEING.
 32940 | D:9      | 32940 ||| FLEEEEING.
 32941 | D:9      | 32941 ||| FLEEEEING.
 32942 | D:9      | 32942 ||| FLEEEEING.
 32943 | D:9      | 32943 ||| FLEEEEING.
 33006 | D:9      | 33006 ||| FLEEEEING.
 33007 | D:9      | 33007 ||| FLEEEEING.
 33065 | D:9      | 33065 ||| FLEEEEING.
 33066 | D:9      | 33066 ||| FLEEEEING.
 33123 | D:9      | 33123 ||| FLEEEEING.
 33124 | D:9      | 33124 ||| FLEEEEING.
 33125 | D:9      | 33125 ||| FLEEEEING.
 33126 | D:9      | 33126 ||| FLEEEEING.
 33127 | D:9      | 33127 ||| FLEEEEING.
 33128 | D:9      | 33128 ||| FLEEEEING.
 33129 | D:9      | 33129 ||| FLEEEEING.
 33130 | D:9      | 33130 ||| FLEEEEING.
 33132 | D:9      | 33132 ||| FLEEEEING.
 33133 | D:9      | 33133 ||| FLEEEEING.
 33248 | D:9      | 33248 ||| FLEEEEING.
 33249 | D:9      | 33249 ||| FLEEEEING.
 33250 | D:9      | 33250 ||| FLEEEEING.
 33251 | D:9      | 33251 ||| FLEEEEING.
 33252 | D:9      | 33252 ||| FLEEEEING.
 33253 | D:9      | 33253 ||| FLEEEEING.
 33339 | D:9      | 33339 ||| FLEEEEING.
 33340 | D:9      | 33340 ||| FLEEEEING.
 33460 | D:9      | 33460 ||| FLEEEEING.
 33461 | D:9      | 33461 ||| FLEEEEING.
 33518 | D:9      | 33518 ||| FLEEEEING.
 33519 | D:9      | 33519 ||| FLEEEEING.
 33520 | D:9      | 33520 ||| FLEEEEING.
 33575 | D:9      | 33575 ||| FLEEEEING.
 33576 | D:9      | 33576 ||| FLEEEEING.
 33642 | D:9      | 33642 ||| FLEEEEING.
 33701 | D:9      | 33701 ||| FLEEEEING.
 33702 | D:9      | 33702 ||| FLEEEEING.
 33703 | D:9      | 33703 ||| FLEEEEING.
 33704 | D:9      | 33704 ||| FLEEEEING.
 33705 | D:9      | 33705 ||| FLEEEEING.
 33810 | D:9      | 33810 ||| FLEEEEING.
 33811 | D:9      | 33811 ||| FLEEEEING.
 33812 | D:9      | 33812 ||| FLEEEEING.
 33883 | D:9      | 33883 ||| FLEEEEING.
 33884 | D:9      | 33884 ||| FLEEEEING.
 33989 | D:9      | 33989 ||| FLEEEEING.
 33990 | D:9      | 33990 ||| FLEEEEING.
 33991 | D:9      | 33991 ||| FLEEEEING.
 33992 | D:9      | 33992 ||| FLEEEEING.
 33993 | D:9      | 33993 ||| FLEEEEING.
 33994 | D:9      | 33994 ||| FLEEEEING.
 33995 | D:9      | 33995 ||| FLEEEEING.
 33996 | D:9      | 33996 ||| FLEEEEING.
 33997 | D:9      | 33997 ||| FLEEEEING.
 33998 | D:9      | 33998 ||| FLEEEEING.
 33999 | D:9      | 33999 ||| FLEEEEING.
 34000 | D:9      | 34000 ||| FLEEEEING.
 34001 | D:9      | 34001 ||| FLEEEEING.
 34002 | D:9      | 34002 ||| FLEEEEING.
 34003 | D:9      | 34003 ||| FLEEEEING.
 34214 | D:9      | 34214 ||| FLEEEEING.
 34215 | D:9      | 34215 ||| FLEEEEING.
 34216 | D:9      | 34216 ||| FLEEEEING.
 34288 | D:9      | 34288 ||| FLEEEEING.
 34359 | D:9      | 34359 ||| FLEEEEING.
 34428 | D:9      | 34428 ||| FLEEEEING.
 34429 | D:9      | 34429 ||| FLEEEEING.
 34430 | D:9      | 34430 ||| FLEEEEING.
 34431 | D:9      | 34431 ||| FLEEEEING.
 34432 | D:9      | 34432 ||| FLEEEEING.
 34632 | D:9      | 34632 ||| FLEEEEING.
 34690 | D:9      | 34690 ||| FLEEEEING.
 34691 | D:9      | 34691 ||| FLEEEEING.
 34692 | D:9      | 34692 ||| FLEEEEING.
 34779 | D:9      | 34779 ||| FLEEEEING.
 34848 | D:9      | 34848 ||| FLEEEEING.
 34849 | D:9      | 34849 ||| FLEEEEING.
 34955 | D:9      | 34955 ||| FLEEEEING.
 34956 | D:9      | 34956 ||| FLEEEEING.
 34957 | D:9      | 34957 ||| FLEEEEING.
 34958 | D:9      | 34958 ||| FLEEEEING.
 34959 | D:9      | 34959 ||| FLEEEEING.
 34960 | D:9      | 34960 ||| FLEEEEING.
 35061 | D:9      | 35061 ||| FLEEEEING.
 35062 | D:9      | 35062 ||| FLEEEEING.
 35063 | D:9      | 35063 ||| FLEEEEING.
 35064 | D:9      | 35064 ||| FLEEEEING.
 35065 | D:9      | 35065 ||| FLEEEEING.
 35066 | D:9      | 35066 ||| FLEEEEING.
 35067 | D:9      | 35067 ||| FLEEEEING.
 35068 | D:9      | 35068 ||| FLEEEEING.
 35069 | D:9      | 35069 ||| FLEEEEING.
 35070 | D:9      | 35070 ||| FLEEEEING.
 35071 | D:9      | 35071 ||| FLEEEEING.
 35072 | D:9      | 35072 ||| FLEEEEING.
 35205 | D:9      | 35205 ||| FLEEEEING.
 35206 | D:9      | 35206 ||| FLEEEEING.
 35207 | D:9      | 35207 ||| FLEEEEING.
 35260 | D:9      | 35260 ||| FLEEEEING.
 35261 | D:9      | 35261 ||| FLEEEEING.
 35311 | D:9      | 35311 ||| FLEEEEING.
 35409 | D:9      | 35409 ||| FLEEEEING.
 35471 | D:9      | 35471 ||| FLEEEEING.
 35472 | D:9      | 35472 ||| FLEEEEING.
 35566 | D:9      | 35566 ||| FLEEEEING.
 35567 | D:9      | 35567 ||| FLEEEEING.
 35569 | D:9      | 35569 ||| FLEEEEING.
 35699 | D:9      | 35699 ||| FLEEEEING.
 35700 | D:9      | 35700 ||| FLEEEEING.
 35701 | D:9      | 35701 ||| FLEEEEING.
 35702 | D:9      | 35702 ||| FLEEEEING.
 35703 | D:9      | 35703 ||| FLEEEEING.
 35704 | D:9      | 35704 ||| FLEEEEING.
 35705 | D:9      | 35705 ||| FLEEEEING.
 35706 | D:9      | 35706 ||| FLEEEEING.
 35707 | D:9      | 35707 ||| FLEEEEING.
 35708 | D:9      | 35708 ||| FLEEEEING.
 35905 | D:9      | 35905 ||| FLEEEEING.
 35906 | D:9      | 35906 ||| FLEEEEING.
 35967 | D:9      | 35967 ||| FLEEEEING.
 35968 | D:9      | 35968 ||| FLEEEEING.
 36074 | D:9      | 36074 ||| FLEEEEING.
 36075 | D:9      | 36075 ||| FLEEEEING.
 36076 | D:9      | 36076 ||| FLEEEEING.
 36077 | D:9      | 36077 ||| FLEEEEING.
 36078 | D:9      | 36078 ||| FLEEEEING.
 36079 | D:9      | 36079 ||| FLEEEEING.
 36145 | D:9      | 36145 ||| FLEEEEING.
 36146 | D:9      | 36146 ||| FLEEEEING.
 36197 | D:9      | 36197 ||| FLEEEEING.
 36258 | D:9      | 36258 ||| FLEEEEING.
 36337 | D:9      | 36337 ||| FLEEEEING.
 36338 | D:9      | 36338 ||| FLEEEEING.
 36339 | D:9      | 36339 ||| FLEEEEING.
 36340 | D:9      | 36340 ||| FLEEEEING.
 36428 | D:9      | 36428 ||| FLEEEEING.
 36429 | D:9      | 36429 ||| FLEEEEING.
 36430 | D:9      | 36430 ||| FLEEEEING.
 36495 | D:9      | 36495 ||| FLEEEEING.
 36496 | D:9      | 36496 ||| FLEEEEING.
 36497 | D:9      | 36497 ||| FLEEEEING.
 36498 | D:9      | 36498 ||| FLEEEEING.
 36500 | D:9      | 36500 ||| FLEEEEING.
 36501 | D:9      | 36501 ||| FLEEEEING.
 36502 | D:9      | 36502 ||| FLEEEEING.
 36601 | D:9      | 36601 ||| FLEEEEING.
 36602 | D:9      | 36602 ||| FLEEEEING.
 36603 | D:9      | 36603 ||| FLEEEEING.
 36604 | D:9      | 36604 ||| FLEEEEING.
 36605 | D:9      | 36605 ||| FLEEEEING.
 36606 | D:9      | 36606 ||| FLEEEEING.
 36705 | D:9      | 36705 ||| FLEEEEING.
 36768 | D:9      | 36768 ||| FLEEEEING.
 36769 | D:9      | 36769 ||| FLEEEEING.
 36771 | D:9      | 36771 ||| FLEEEEING.
 36772 | D:9      | 36772 ||| FLEEEEING.
 36773 | D:9      | 36773 ||| FLEEEEING.
 36836 | D:9      | 36836 ||| FLEEEEING.
 36837 | D:9      | 36837 ||| FLEEEEING.
 36838 | D:9      | 36838 ||| FLEEEEING.
 36959 | D:9      | 36959 ||| FLEEEEING.
 37038 | D:9      | 37038 ||| FLEEEEING.
 37039 | D:9      | 37039 ||| FLEEEEING.
 37040 | D:9      | 37040 ||| FLEEEEING.
 37041 | D:9      | 37041 ||| FLEEEEING.
 37042 | D:9      | 37042 ||| FLEEEEING.
 37043 | D:9      | 37043 ||| FLEEEEING.
 37044 | D:9      | 37044 ||| FLEEEEING.
 37112 | D:9      | 37112 ||| FLEEEEING.
 37113 | D:9      | 37113 ||| FLEEEEING.
 37114 | D:9      | 37114 ||| FLEEEEING.
 37115 | D:9      | 37115 ||| FLEEEEING.
 37116 | D:9      | 37116 ||| FLEEEEING.
 37117 | D:9      | 37117 ||| FLEEEEING.
 37118 | D:9      | 37118 ||| FLEEEEING.
 37119 | D:9      | 37119 ||| FLEEEEING.
 37120 | D:9      | 37120 ||| FLEEEEING.
 37121 | D:9      | 37121 ||| FLEEEEING.
 37289 | D:9      | 37289 ||| FLEEEEING.
 37290 | D:9      | 37290 ||| FLEEEEING.
 37291 | D:9      | 37291 ||| FLEEEEING.
 37292 | D:9      | 37292 ||| FLEEEEING.
 37390 | D:9      | 37390 ||| FLEEEEING.
 37453 | D:9      | 37453 ||| FLEEEEING.
 37454 | D:9      | 37454 ||| FLEEEEING.
 37455 | D:9      | 37455 ||| FLEEEEING.
 37456 | D:9      | 37456 ||| FLEEEEING.
 37457 | D:9      | 37457 ||| FLEEEEING.
 37582 | D:9      | 37582 ||| FLEEEEING.
 37593 | D:9      | 37593 ||| FLEEEEING.
 37659 | D:9      | 37659 ||| FLEEEEING.
 37660 | D:9      | 37660 ||| FLEEEEING.
 37661 | D:9      | 37661 ||| FLEEEEING.
 37662 | D:9      | 37662 ||| FLEEEEING.
 37663 | D:9      | 37663 ||| FLEEEEING.
 37664 | D:9      | 37664 ||| FLEEEEING.
 37665 | D:9      | 37665 ||| FLEEEEING.
 37832 | D:9      | 37832 ||| FLEEEEING.
 37833 | D:9      | 37833 ||| FLEEEEING.
 37834 | D:9      | 37834 ||| FLEEEEING.
 37835 | D:9      | 37835 ||| FLEEEEING.
 37836 | D:9      | 37836 ||| FLEEEEING.
 37837 | D:9      | 37837 ||| FLEEEEING.
 37838 | D:9      | 37838 ||| FLEEEEING.
 37917 | D:9      | 37917 ||| FLEEEEING.
 37918 | D:9      | 37918 ||| FLEEEEING.
 37919 | D:9      | 37919 ||| FLEEEEING.
 37920 | D:9      | 37920 ||| FLEEEEING.
 37921 | D:9      | 37921 ||| FLEEEEING.
 37922 | D:9      | 37922 ||| FLEEEEING.
 37971 | D:9      | 37971 ||| FLEEEEING.
 37972 | D:9      | 37972 ||| FLEEEEING.
 38159 | D:9      | 38159 ||| FLEEEEING.
 38160 | D:9      | 38160 ||| FLEEEEING.
 38161 | D:9      | 38161 ||| FLEEEEING.
 38162 | D:9      | 38162 ||| FLEEEEING.
 38163 | D:9      | 38163 ||| FLEEEEING.
 38164 | D:9      | 38164 ||| FLEEEEING.
 38165 | D:9      | 38165 ||| FLEEEEING.
 38166 | D:9      | 38166 ||| FLEEEEING.
 38167 | D:9      | 38167 ||| FLEEEEING.
 38168 | D:9      | 38168 ||| FLEEEEING.
 38169 | D:9      | 38169 ||| FLEEEEING.
 38170 | D:9      | 38170 ||| FLEEEEING.
 38171 | D:9      | 38171 ||| FLEEEEING.
 38172 | D:9      | 38172 ||| FLEEEEING.
 38173 | D:9      | 38173 ||| FLEEEEING.
 38174 | D:9      | 38174 ||| FLEEEEING.
 38175 | D:9      | 38175 ||| FLEEEEING.
 38176 | D:9      | 38176 ||| FLEEEEING.
 38178 | D:9      | 38178 ||| FLEEEEING.
 38179 | D:9      | 38179 ||| FLEEEEING.
 38181 | D:9      | 38181 ||| FLEEEEING.
 38182 | D:9      | 38182 ||| FLEEEEING.
 38183 | D:9      | 38183 ||| FLEEEEING.
 38405 | D:9      | 38405 ||| FLEEEEING.
 38406 | D:9      | 38406 ||| FLEEEEING.
 38407 | D:9      | 38407 ||| FLEEEEING.
 38408 | D:9      | 38408 ||| FLEEEEING.
 38482 | D:9      | 38482 ||| FLEEEEING.
 38483 | D:9      | 38483 ||| FLEEEEING.
 38485 | D:9      | 38485 ||| FLEEEEING.
 38486 | D:9      | 38486 ||| FLEEEEING.
 38487 | D:9      | 38487 ||| FLEEEEING.
 38488 | D:9      | 38488 ||| FLEEEEING.
 38489 | D:9      | 38489 ||| FLEEEEING.
 38556 | D:9      | 38556 ||| FLEEEEING.
 38557 | D:9      | 38557 ||| FLEEEEING.
 38560 | D:9      | 38560 ||| FLEEEEING.
 38561 | D:9      | 38561 ||| FLEEEEING.
 38659 | D:9      | 38659 ||| FLEEEEING.
 38660 | D:9      | 38660 ||| FLEEEEING.
 38661 | D:9      | 38661 ||| FLEEEEING.
 38662 | D:9      | 38662 ||| FLEEEEING.
 38663 | D:9      | 38663 ||| FLEEEEING.
 38664 | D:9      | 38664 ||| FLEEEEING.
 38665 | D:9      | 38665 ||| FLEEEEING.
 38666 | D:9      | 38666 ||| FLEEEEING.
 38667 | D:9      | 38667 ||| FLEEEEING.
 38826 | D:9      | 38826 ||| FLEEEEING.
 38827 | D:9      | 38827 ||| FLEEEEING.
 38828 | D:9      | 38828 ||| FLEEEEING.
 38829 | D:9      | 38829 ||| FLEEEEING.
 38945 | D:9      | 38945 ||| FLEEEEING.
 39019 | D:9      | 39019 ||| FLEEEEING.
 39020 | D:9      | 39020 ||| FLEEEEING.
 39021 | D:9      | 39021 ||| FLEEEEING.
 39077 | D:9      | 39077 ||| FLEEEEING.
 39078 | D:9      | 39078 ||| FLEEEEING.
 39079 | D:9      | 39079 ||| FLEEEEING.
 39181 | D:9      | 39181 ||| FLEEEEING.
 39182 | D:9      | 39182 ||| FLEEEEING.
 39183 | D:9      | 39183 ||| FLEEEEING.
 39184 | D:9      | 39184 ||| FLEEEEING.
 39185 | D:9      | 39185 ||| FLEEEEING.
 39186 | D:9      | 39186 ||| FLEEEEING.
 39187 | D:9      | 39187 ||| FLEEEEING.
 39188 | D:9      | 39188 ||| FLEEEEING.
 39189 | D:9      | 39189 ||| FLEEEEING.
 39190 | D:9      | 39190 ||| FLEEEEING.
 39191 | D:9      | 39191 ||| FLEEEEING.
 39200 | D:9      | 39200 ||| FLEEEEING.
 39201 | D:9      | 39201 ||| FLEEEEING.
 39202 | D:9      | 39202 ||| FLEEEEING.
 39203 | D:9      | 39203 ||| FLEEEEING.
 39204 | D:9      | 39204 ||| FLEEEEING.
 39274 | D:9      | 39274 ||| FLEEEEING.
 39275 | D:9      | 39275 ||| FLEEEEING.
 39276 | D:9      | 39276 ||| FLEEEEING.
 39277 | D:9      | 39277 ||| FLEEEEING.
 39278 | D:9      | 39278 ||| FLEEEEING.
 39279 | D:9      | 39279 ||| FLEEEEING.
 39280 | D:9      | 39280 ||| FLEEEEING.
 39281 | D:9      | 39281 ||| FLEEEEING.
 39282 | D:9      | 39282 ||| FLEEEEING.
 39283 | D:9      | 39283 ||| FLEEEEING.
 39284 | D:9      | 39284 ||| FLEEEEING.
 39285 | D:9      | 39285 ||| FLEEEEING.
 39454 | D:9      | 39454 ||| FLEEEEING.
 39456 | D:9      | 39456 ||| FLEEEEING.
 39457 | D:9      | 39457 ||| FLEEEEING.
 39458 | D:9      | 39458 ||| FLEEEEING.
 39459 | D:9      | 39459 ||| FLEEEEING.
 39460 | D:9      | 39460 ||| FLEEEEING.
 39461 | D:9      | 39461 ||| FLEEEEING.
 39462 | D:9      | 39462 ||| FLEEEEING.
 39547 | D:9      | 39547 ||| FLEEEEING.
 39663 | D:9      | 39663 ||| FLEEEEING.
 39725 | D:9      | 39725 ||| FLEEEEING.
 39799 | D:9      | 39799 ||| FLEEEEING.
 39800 | D:9      | 39800 ||| FLEEEEING.
 39801 | D:9      | 39801 ||| FLEEEEING.
 39870 | D:9      | 39870 ||| FLEEEEING.
 39871 | D:9      | 39871 ||| FLEEEEING.
 39961 | D:9      | 39961 ||| FLEEEEING.
 39962 | D:9      | 39962 ||| FLEEEEING.
 39963 | D:9      | 39963 ||| FLEEEEING.
 39964 | D:9      | 39964 ||| FLEEEEING.
 39965 | D:9      | 39965 ||| FLEEEEING.
 39966 | D:9      | 39966 ||| FLEEEEING.
 39967 | D:9      | 39967 ||| FLEEEEING.
 39968 | D:9      | 39968 ||| FLEEEEING.
 39969 | D:9      | 39969 ||| FLEEEEING.
 39970 | D:9      | 39970 ||| FLEEEEING.
 39971 | D:9      | 39971 ||| FLEEEEING.
 40111 | D:9      | 40111 ||| FLEEEEING.
 40112 | D:9      | 40112 ||| FLEEEEING.
 40113 | D:9      | 40113 ||| FLEEEEING.
 40114 | D:9      | 40114 ||| FLEEEEING.
 40115 | D:9      | 40115 ||| FLEEEEING.
 40116 | D:9      | 40116 ||| FLEEEEING.
 40117 | D:9      | 40117 ||| FLEEEEING.
 40118 | D:9      | 40118 ||| FLEEEEING.
 40258 | D:9      | 40258 ||| FLEEEEING.
 40259 | D:9      | 40259 ||| FLEEEEING.
 40341 | D:9      | 40341 ||| FLEEEEING.
 40396 | D:9      | 40396 ||| FLEEEEING.
 40448 | D:9      | 40448 ||| FLEEEEING.
 40503 | D:9      | 40503 ||| FLEEEEING.
 40504 | D:9      | 40504 ||| FLEEEEING.
 40590 | D:9      | 40590 ||| FLEEEEING.
 40591 | D:9      | 40591 ||| FLEEEEING.
 40592 | D:9      | 40592 ||| FLEEEEING.
 40593 | D:9      | 40593 ||| FLEEEEING.
 40594 | D:9      | 40594 ||| FLEEEEING.
 40595 | D:9      | 40595 ||| FLEEEEING.
 40596 | D:9      | 40596 ||| FLEEEEING.
 40597 | D:9      | 40597 ||| FLEEEEING.
 40685 | D:9      | 40685 ||| FLEEEEING.
 40686 | D:9      | 40686 ||| FLEEEEING.
 40774 | D:9      | 40774 ||| FLEEEEING.
 40775 | D:9      | 40775 ||| FLEEEEING.
 40776 | D:9      | 40776 ||| FLEEEEING.
 40856 | D:9      | 40856 ||| FLEEEEING.
 40857 | D:9      | 40857 ||| FLEEEEING.
 40858 | D:9      | 40858 ||| FLEEEEING.
 40859 | D:9      | 40859 ||| FLEEEEING.
 40860 | D:9      | 40860 ||| FLEEEEING.
 40861 | D:9      | 40861 ||| FLEEEEING.
 40862 | D:9      | 40862 ||| FLEEEEING.
 40948 | D:9      | 40948 ||| FLEEEEING.
 40950 | D:9      | 40950 ||| FLEEEEING.
 40951 | D:9      | 40951 ||| FLEEEEING.
 40952 | D:9      | 40952 ||| FLEEEEING.
 40953 | D:9      | 40953 ||| FLEEEEING.
 41013 | D:9      | 41013 ||| FLEEEEING.
 41014 | D:9      | 41014 ||| FLEEEEING.
 41015 | D:9      | 41015 ||| FLEEEEING.
 41063 | D:9      | 41063 ||| FLEEEEING.
 41121 | D:9      | 41121 ||| FLEEEEING.
 41122 | D:9      | 41122 ||| FLEEEEING.
 41123 | D:9      | 41123 ||| FLEEEEING.
 41201 | D:9      | 41201 ||| FLEEEEING.
 41202 | D:9      | 41202 ||| FLEEEEING.
 41203 | D:9      | 41203 ||| FLEEEEING.
 41309 | D:9      | 41309 ||| FLEEEEING.
 41379 | D:9      | 41379 ||| FLEEEEING.
 41471 | D:9      | 41471 ||| FLEEEEING.
 41472 | D:9      | 41472 ||| FLEEEEING.
 41548 | D:9      | 41548 ||| FLEEEEING.
 41549 | D:9      | 41549 ||| FLEEEEING.
 41550 | D:9      | 41550 ||| FLEEEEING.
 41551 | D:9      | 41551 ||| FLEEEEING.
 41552 | D:9      | 41552 ||| FLEEEEING.
 41553 | D:9      | 41553 ||| FLEEEEING.
 41554 | D:9      | 41554 ||| FLEEEEING.
 41555 | D:9      | 41555 ||| FLEEEEING.
 41556 | D:9      | 41556 ||| FLEEEEING.
 41677 | D:9      | 41677 ||| FLEEEEING.
 41678 | D:9      | 41678 ||| FLEEEEING.
 41770 | D:9      | 41770 ||| FLEEEEING.
 41771 | D:9      | 41771 ||| FLEEEEING.
 41772 | D:9      | 41772 ||| FLEEEEING.
 41773 | D:9      | 41773 ||| FLEEEEING.
 41774 | D:9      | 41774 ||| FLEEEEING.
 41775 | D:9      | 41775 ||| FLEEEEING.
 41776 | D:9      | 41776 ||| FLEEEEING.
 41777 | D:9      | 41777 ||| FLEEEEING.
 41932 | D:9      | 41932 ||| FLEEEEING.
 41933 | D:9      | 41933 ||| FLEEEEING.
 41934 | D:9      | 41934 ||| FLEEEEING.
 41935 | D:9      | 41935 ||| FLEEEEING.
 41995 | D:9      | 41995 ||| FLEEEEING.
 41996 | D:9      | 41996 ||| FLEEEEING.
 41997 | D:9      | 41997 ||| FLEEEEING.
 41998 | D:9      | 41998 ||| FLEEEEING.
 41999 | D:9      | 41999 ||| FLEEEEING.
 42000 | D:9      | 42000 ||| FLEEEEING.
 42127 | D:9      | 42127 ||| FLEEEEING.
 42212 | D:9      | 42212 ||| FLEEEEING.
 42213 | D:9      | 42213 ||| FLEEEEING.
 42214 | D:9      | 42214 ||| FLEEEEING.
 42215 | D:9      | 42215 ||| FLEEEEING.
 42216 | D:9      | 42216 ||| FLEEEEING.
 42217 | D:9      | 42217 ||| FLEEEEING.
 42218 | D:9      | 42218 ||| FLEEEEING.
 42219 | D:9      | 42219 ||| FLEEEEING.
 42220 | D:9      | 42220 ||| FLEEEEING.
 42221 | D:9      | 42221 ||| FLEEEEING.
 42222 | D:9      | 42222 ||| FLEEEEING.
 42223 | D:9      | 42223 ||| FLEEEEING.
 42224 | D:9      | 42224 ||| FLEEEEING.
 42225 | D:9      | 42225 ||| FLEEEEING.
 42226 | D:9      | 42226 ||| FLEEEEING.
 42227 | D:9      | 42227 ||| FLEEEEING.
 42228 | D:9      | 42228 ||| FLEEEEING.
 42229 | D:9      | 42229 ||| FLEEEEING.
 42230 | D:9      | 42230 ||| FLEEEEING.
 42231 | D:9      | 42231 ||| FLEEEEING.
 42232 | D:9      | 42232 ||| FLEEEEING.
 42233 | D:9      | 42233 ||| FLEEEEING.
 42398 | D:9      | 42398 ||| FLEEEEING.
 42399 | D:9      | 42399 ||| FLEEEEING.
 42400 | D:9      | 42400 ||| FLEEEEING.
 42401 | D:9      | 42401 ||| FLEEEEING.
 42402 | D:9      | 42402 ||| FLEEEEING.
 42403 | D:9      | 42403 ||| FLEEEEING.
 42477 | D:9      | 42477 ||| FLEEEEING.
 42478 | D:9      | 42478 ||| FLEEEEING.
 42479 | D:9      | 42479 ||| FLEEEEING.
 42480 | D:9      | 42480 ||| FLEEEEING.
 42481 | D:9      | 42481 ||| FLEEEEING.
 42482 | D:9      | 42482 ||| FLEEEEING.
 42483 | D:9      | 42483 ||| FLEEEEING.
 42484 | D:9      | 42484 ||| FLEEEEING.
 42485 | D:9      | 42485 ||| FLEEEEING.
 42486 | D:9      | 42486 ||| FLEEEEING.
 42627 | D:9      | 42627 ||| FLEEEEING.
 42628 | D:9      | 42628 ||| FLEEEEING.
 42630 | D:9      | 42630 ||| FLEEEEING.
 42631 | D:9      | 42631 ||| FLEEEEING.
 42632 | D:9      | 42632 ||| FLEEEEING.
 42633 | D:9      | 42633 ||| FLEEEEING.
 42634 | D:9      | 42634 ||| FLEEEEING.
 42635 | D:9      | 42635 ||| FLEEEEING.
 42636 | D:9      | 42636 ||| FLEEEEING.
 42637 | D:9      | 42637 ||| FLEEEEING.
 42638 | D:9      | 42638 ||| FLEEEEING.
 42639 | D:9      | 42639 ||| FLEEEEING.
 42640 | D:9      | 42640 ||| FLEEEEING.
 42641 | D:9      | 42641 ||| FLEEEEING.
 42642 | D:9      | 42642 ||| FLEEEEING.
 42643 | D:9      | 42643 ||| FLEEEEING.
 42782 | D:9      | 42782 ||| FLEEEEING.
 42783 | D:9      | 42783 ||| FLEEEEING.
 42784 | D:9      | 42784 ||| FLEEEEING.
 42785 | D:9      | 42785 ||| FLEEEEING.
 42786 | D:9      | 42786 ||| FLEEEEING.
 42787 | D:9      | 42787 ||| FLEEEEING.
 42848 | D:9      | 42848 ||| FLEEEEING.
 42849 | D:9      | 42849 ||| FLEEEEING.
 42938 | D:9      | 42938 ||| FLEEEEING.
 42939 | D:9      | 42939 ||| FLEEEEING.
 43039 | D:9      | 43039 ||| FLEEEEING.
 43040 | D:9      | 43040 ||| FLEEEEING.
 43041 | D:9      | 43041 ||| FLEEEEING.
 43042 | D:9      | 43042 ||| FLEEEEING.
 43043 | D:9      | 43043 ||| FLEEEEING.
 43161 | D:9      | 43161 ||| FLEEEEING.
 43227 | D:9      | 43227 ||| FLEEEEING.
 43228 | D:9      | 43228 ||| FLEEEEING.
 43315 | D:9      | 43315 ||| FLEEEEING.
 43327 | D:9      | 43327 ||| FLEEEEING.
 43328 | D:9      | 43328 ||| FLEEEEING.
 43329 | D:9      | 43329 ||| FLEEEEING.
 43330 | D:9      | 43330 ||| FLEEEEING.
 43331 | D:9      | 43331 ||| FLEEEEING.
 43332 | D:9      | 43332 ||| FLEEEEING.
 43535 | D:9      | 43535 ||| FLEEEEING.
 43589 | D:9      | 43589 ||| FLEEEEING.
 43659 | D:9      | 43659 ||| FLEEEEING.
 43722 | D:9      | 43722 ||| FLEEEEING.
 43723 | D:9      | 43723 ||| FLEEEEING.
 43724 | D:9      | 43724 ||| FLEEEEING.
 43725 | D:9      | 43725 ||| FLEEEEING.
 43726 | D:9      | 43726 ||| FLEEEEING.
 43727 | D:9      | 43727 ||| FLEEEEING.
 43728 | D:9      | 43728 ||| FLEEEEING.
 43729 | D:9      | 43729 ||| FLEEEEING.
 43730 | D:9      | 43730 ||| FLEEEEING.
 43853 | D:9      | 43853 ||| FLEEEEING.
 43854 | D:9      | 43854 ||| FLEEEEING.
 43855 | D:9      | 43855 ||| FLEEEEING.
 43856 | D:9      | 43856 ||| FLEEEEING.
 43937 | D:9      | 43937 ||| FLEEEEING.
 43938 | D:9      | 43938 ||| FLEEEEING.
 43996 | D:9      | 43996 ||| FLEEEEING.
 44052 | D:9      | 44052 ||| FLEEEEING.
 44053 | D:9      | 44053 ||| FLEEEEING.
 44054 | D:9      | 44054 ||| FLEEEEING.
 44055 | D:9      | 44055 ||| FLEEEEING.
 44056 | D:9      | 44056 ||| FLEEEEING.
 44057 | D:9      | 44057 ||| FLEEEEING.
 44142 | D:9      | 44142 ||| FLEEEEING.
 44143 | D:9      | 44143 ||| FLEEEEING.
 44144 | D:9      | 44144 ||| FLEEEEING.
 44145 | D:9      | 44145 ||| FLEEEEING.
 44146 | D:9      | 44146 ||| FLEEEEING.
 44147 | D:9      | 44147 ||| FLEEEEING.
 44148 | D:9      | 44148 ||| FLEEEEING.
 44149 | D:9      | 44149 ||| FLEEEEING.
 44150 | D:9      | 44150 ||| FLEEEEING.
 44237 | D:9      | 44237 ||| FLEEEEING.
 44238 | D:9      | 44238 ||| FLEEEEING.
 44290 | D:9      | 44290 ||| FLEEEEING.
 44291 | D:9      | 44291 ||| FLEEEEING.
 44292 | D:9      | 44292 ||| FLEEEEING.
 44402 | D:9      | 44402 ||| FLEEEEING.
 44404 | D:9      | 44404 ||| FLEEEEING.
 44405 | D:9      | 44405 ||| FLEEEEING.
 44457 | D:9      | 44457 ||| FLEEEEING.
 44458 | D:9      | 44458 ||| FLEEEEING.
 44523 | D:9      | 44523 ||| FLEEEEING.
 44618 | D:9      | 44618 ||| FLEEEEING.
 44619 | D:9      | 44619 ||| FLEEEEING.
 44620 | D:9      | 44620 ||| FLEEEEING.
 44621 | D:9      | 44621 ||| FLEEEEING.
 44622 | D:9      | 44622 ||| FLEEEEING.
 44623 | D:9      | 44623 ||| FLEEEEING.
 44624 | D:9      | 44624 ||| FLEEEEING.
 44625 | D:9      | 44625 ||| FLEEEEING.
 44626 | D:9      | 44626 ||| FLEEEEING.
 44627 | D:9      | 44627 ||| FLEEEEING.
 44628 | D:9      | 44628 ||| FLEEEEING.
 44629 | D:9      | 44629 ||| FLEEEEING.
 44630 | D:9      | 44630 ||| FLEEEEING.
 44631 | D:9      | 44631 ||| FLEEEEING.
 44632 | D:9      | 44632 ||| FLEEEEING.
 44633 | D:9      | 44633 ||| FLEEEEING.
 44766 | D:9      | 44766 ||| FLEEEEING.
 44815 | D:9      | 44815 ||| FLEEEEING.
 44873 | D:9      | 44873 ||| FLEEEEING.
 44938 | D:9      | 44938 ||| FLEEEEING.
 45008 | D:9      | 45008 ||| FLEEEEING.
 45009 | D:9      | 45009 ||| FLEEEEING.
 45091 | D:9      | 45091 ||| FLEEEEING.
 45092 | D:9      | 45092 ||| FLEEEEING.
 45093 | D:9      | 45093 ||| FLEEEEING.
 45094 | D:9      | 45094 ||| FLEEEEING.
 45147 | D:9      | 45147 ||| FLEEEEING.
 45265 | D:9      | 45265 ||| FLEEEEING.
 45266 | D:9      | 45266 ||| FLEEEEING.
 45267 | D:9      | 45267 ||| FLEEEEING.
 45358 | D:9      | 45358 ||| FLEEEEING.
 45359 | D:9      | 45359 ||| FLEEEEING.
 45360 | D:9      | 45360 ||| FLEEEEING.
 45361 | D:9      | 45361 ||| FLEEEEING.
 45362 | D:9      | 45362 ||| FLEEEEING.
 45435 | D:9      | 45435 ||| FLEEEEING.
 45436 | D:9      | 45436 ||| FLEEEEING.
 45437 | D:9      | 45437 ||| FLEEEEING.
 45438 | D:9      | 45438 ||| FLEEEEING.
 45439 | D:9      | 45439 ||| FLEEEEING.
 45440 | D:9      | 45440 ||| FLEEEEING.
 45441 | D:9      | 45441 ||| FLEEEEING.
 45442 | D:9      | 45442 ||| FLEEEEING.
 45443 | D:9      | 45443 ||| FLEEEEING.
 45444 | D:9      | 45444 ||| FLEEEEING.
 45498 | D:9      | 45498 ||| FLEEEEING.
 45595 | D:9      | 45595 ||| FLEEEEING.
 45596 | D:9      | 45596 ||| FLEEEEING.
 45597 | D:9      | 45597 ||| FLEEEEING.
 45598 | D:9      | 45598 ||| FLEEEEING.
 45599 | D:9      | 45599 ||| FLEEEEING.
 45600 | D:9      | 45600 ||| FLEEEEING.
 45672 | D:9      | 45672 ||| FLEEEEING.
 45727 | D:9      | 45727 ||| FLEEEEING.
 45728 | D:9      | 45728 ||| FLEEEEING.
 45836 | D:9      | 45836 ||| FLEEEEING.
 45837 | D:9      | 45837 ||| FLEEEEING.
 45838 | D:9      | 45838 ||| FLEEEEING.
 45839 | D:9      | 45839 ||| FLEEEEING.
 45908 | D:9      | 45908 ||| FLEEEEING.
 45909 | D:9      | 45909 ||| FLEEEEING.
 45910 | D:9      | 45910 ||| FLEEEEING.
 45911 | D:9      | 45911 ||| FLEEEEING.
 46012 | D:9      | 46012 ||| FLEEEEING.
 46013 | D:9      | 46013 ||| FLEEEEING.
 46014 | D:9      | 46014 ||| FLEEEEING.
 46015 | D:9      | 46015 ||| FLEEEEING.
 46016 | D:9      | 46016 ||| FLEEEEING.
 46026 | D:9      | Glimpsed the power of Zot.
 46094 | D:9      | 46094 ||| FLEEEEING.
 46152 | D:9      | 46152 ||| FLEEEEING.
 46153 | D:9      | 46153 ||| FLEEEEING.
 46154 | D:9      | 46154 ||| FLEEEEING.
 46155 | D:9      | 46155 ||| FLEEEEING.
 46207 | D:9      | 46207 ||| FLEEEEING.
 46297 | D:9      | 46297 ||| FLEEEEING.
 46298 | D:9      | 46298 ||| FLEEEEING.
 46299 | D:9      | 46299 ||| FLEEEEING.
 46300 | D:9      | 46300 ||| FLEEEEING.
 46301 | D:9      | 46301 ||| FLEEEEING.
 46302 | D:9      | 46302 ||| FLEEEEING.
 46303 | D:9      | 46303 ||| FLEEEEING.
 46304 | D:9      | 46304 ||| FLEEEEING.
 46305 | D:9      | 46305 ||| FLEEEEING.
 46306 | D:9      | 46306 ||| FLEEEEING.
 46307 | D:9      | 46307 ||| FLEEEEING.
 46308 | D:9      | 46308 ||| FLEEEEING.
 46309 | D:9      | 46309 ||| FLEEEEING.
 46460 | D:9      | 46460 ||| FLEEEEING.
 46461 | D:9      | 46461 ||| FLEEEEING.
 46462 | D:9      | 46462 ||| FLEEEEING.
 46463 | D:9      | 46463 ||| FLEEEEING.
 46464 | D:9      | 46464 ||| FLEEEEING.
 46465 | D:9      | 46465 ||| FLEEEEING.
 46526 | D:9      | Glimpsed the power of Zot.
 46601 | D:9      | 46601 ||| FLEEEEING.
 46650 | D:9      | 46650 ||| FLEEEEING.
 46651 | D:9      | 46651 ||| FLEEEEING.
 46756 | D:9      | 46756 ||| FLEEEEING.
 46848 | D:9      | 46848 ||| FLEEEEING.
 46849 | D:9      | 46849 ||| FLEEEEING.
 46850 | D:9      | 46850 ||| FLEEEEING.
 46851 | D:9      | 46851 ||| FLEEEEING.
 46852 | D:9      | 46852 ||| FLEEEEING.
 46853 | D:9      | 46853 ||| FLEEEEING.
 46854 | D:9      | 46854 ||| FLEEEEING.
 46926 | D:9      | Glimpsed the power of Zot.
 47002 | D:9      | 47002 ||| FLEEEEING.
 47003 | D:9      | 47003 ||| FLEEEEING.
 47026 | D:9      | Touched by the power of Zot.
 47027 | D:9      | Glimpsed the power of Zot.
 47031 | D:9      | 47031 ||| FLEEEEING.
 47032 | D:9      | 47032 ||| FLEEEEING.
 47033 | D:9      | 47033 ||| FLEEEEING.
 47034 | D:9      | 47034 ||| FLEEEEING.
 47086 | D:9      | 47086 ||| FLEEEEING.
 47087 | D:9      | 47087 ||| FLEEEEING.
 47169 | D:9      | 47169 ||| FLEEEEING.
 47170 | D:9      | 47170 ||| FLEEEEING.
 47171 | D:9      | 47171 ||| FLEEEEING.
 47175 | D:9      | 47175 ||| FLEEEEING.
 47237 | D:9      | 47237 ||| FLEEEEING.
 47238 | D:9      | 47238 ||| FLEEEEING.
 47239 | D:9      | 47239 ||| FLEEEEING.
 47240 | D:9      | 47240 ||| FLEEEEING.
 47241 | D:9      | 47241 ||| FLEEEEING.
 47433 | D:9      | 47433 ||| FLEEEEING.
 47434 | D:9      | 47434 ||| FLEEEEING.
 47435 | D:9      | 47435 ||| FLEEEEING.
 47436 | D:9      | 47436 ||| FLEEEEING.
 47437 | D:9      | 47437 ||| FLEEEEING.
 47527 | D:9      | Glimpsed the power of Zot.
 47564 | D:9      | 47564 ||| FLEEEEING.
 47569 | D:9      | 47569 ||| FLEEEEING.
 47570 | D:9      | 47570 ||| FLEEEEING.
 47571 | D:9      | 47571 ||| FLEEEEING.
 47572 | D:9      | 47572 ||| FLEEEEING.
 47573 | D:9      | 47573 ||| FLEEEEING.
 47574 | D:9      | 47574 ||| FLEEEEING.
 47575 | D:9      | 47575 ||| FLEEEEING.
 47576 | D:9      | 47576 ||| FLEEEEING.
 47577 | D:9      | 47577 ||| FLEEEEING.
 47692 | D:9      | 47692 ||| FLEEEEING.
 47693 | D:9      | 47693 ||| FLEEEEING.
 47805 | D:9      | 47805 ||| FLEEEEING.
 47806 | D:9      | 47806 ||| FLEEEEING.
 47874 | D:9      | 47874 ||| FLEEEEING.
 47875 | D:9      | 47875 ||| FLEEEEING.
 47876 | D:9      | 47876 ||| FLEEEEING.
 47921 | D:9      | 47921 ||| FLEEEEING.
 47927 | D:9      | Glimpsed the power of Zot.
 47988 | D:9      | 47988 ||| FLEEEEING.
 48026 | D:9      | Touched by the power of Zot.
 48027 | D:9      | Glimpsed the power of Zot.
 48029 | D:9      | 48029 ||| FLEEEEING.
 48030 | D:9      | 48030 ||| FLEEEEING.
 48172 | D:9      | 48172 ||| FLEEEEING.
 48272 | D:9      | 48272 ||| FLEEEEING.
 48345 | D:9      | 48345 ||| FLEEEEING.
 48348 | D:9      | 48348 ||| FLEEEEING.
 48349 | D:9      | 48349 ||| FLEEEEING.
 48350 | D:9      | 48350 ||| FLEEEEING.
 48351 | D:9      | 48351 ||| FLEEEEING.
 48515 | D:9      | 48515 ||| FLEEEEING.
 48516 | D:9      | 48516 ||| FLEEEEING.
 48527 | D:9      | Glimpsed the power of Zot.
 48561 | D:9      | 48561 ||| FLEEEEING.
 48562 | D:9      | 48562 ||| FLEEEEING.
 48563 | D:9      | 48563 ||| FLEEEEING.
 48564 | D:9      | 48564 ||| FLEEEEING.
 48565 | D:9      | 48565 ||| FLEEEEING.
 48566 | D:9      | 48566 ||| FLEEEEING.
 48567 | D:9      | 48567 ||| FLEEEEING.
 48735 | D:9      | 48735 ||| FLEEEEING.
 48736 | D:9      | 48736 ||| FLEEEEING.
 48737 | D:9      | 48737 ||| FLEEEEING.
 48738 | D:9      | 48738 ||| FLEEEEING.
 48739 | D:9      | 48739 ||| FLEEEEING.
 48740 | D:9      | 48740 ||| FLEEEEING.
 48872 | D:9      | 48872 ||| FLEEEEING.
 48927 | D:9      | Glimpsed the power of Zot.
 49026 | D:9      | Touched by the power of Zot.
 49027 | D:9      | Glimpsed the power of Zot.
 49027 | D:9      | Killed from afar by a lava snake

Levels and vault maps discovered:
D:1:      kb_arrival_jail, layout_basic
D:2:      layout_basic, hellmonk_ecumenical_altar_leap_of_faith,
          minmay_quantized, uniq_terence, uniq_jessica
D:3:      minmay_chambers_of_twos, layout_loops_ring, chei_slow_surprise,
          fedhas_altar_3, ebering_ghost_sewer_d, uniq_grinder
D:4:      layout_basic, nzn_hepliaklqana_mist_gate,
          mainiacjoe_overflow_concentric_impassable, grunt_gozag_statues,
          lemuel_temple_firewalk_b, uniq_eustachio
D:5:      layout_basic, mainiacjoe_overflow_paths, xom_redecorated,
          cheibrodos_sewer_entry_bend
D:6:      layout_basic, evilmike_ruin_ashenzari, hangedman_decor_peaks_small,
          columned_hall_lemuel
D:7:      layout_basic, nrook_uturn, minivault_11
D:8:      layout_basic, lemuel_tele_altar, erik_lair_orcish_takeover
D:9:      layout_big_octagon, erik_orc_4, serial_shops,
          nicolae_inconvenience_store, corexii_checkpoint_a, grunt_ministairs_8
Lair:1:   layout_regular_city, minivault_25, grunt_megastairs_5, uniq_amaemon,
          uniq_harold
Lair:2:   layout_misc_corridors, minmay_shoals_entry_lonely_mermaid, pond,
          lemuel_fruit_tree
Lair:3:   layout_long_grid, minmay_snake_entry_guardpost_small
Lair:4:   layout_cave_pods, portal_ice_cave_rime, infiniplex_staircase_pool_2
Lair:5:   hangedman_lair_in_review, layout_cave_pods,
          minmay_slime_entry_oklob_open, grunt_megastairs_4

Skill      XL: |  1  2  3  4  5  6  7  8  9 10 11 12 13 14 |
---------------+-------------------------------------------+-----
Axes           | 4 5 6 8 9 10 12 14 | 14.1
Throwing       | 1 2 3 6 8 |  8.0
Fighting       | 4 6 7 8 10 13 15 17 | 17.7
Armour         | 3 4 5 7 10 11 12 13 | 13.1
Dodging        | 3 4 5 6 7 |  7.0
Shields        | 7 8 9 10 | 10.7

Action                   |  1- 3 |  4- 6 |  7- 9 | 10-12 | 13-15 || total
-------------------------+-------+-------+-------+-------+-------++-------
Melee: Hand axe          |    51 |    73 |   242 |   489 |   346 ||  1201
       Headbutt          |     2 |    11 |    32 |   113 |    99 ||   257
       Punch             |       |     1 |     2 |     2 |       ||     5
       Demon whip        |       |       |       |     3 |       ||     3
Throw: Javelin           |       |    31 |    49 |    29 |    53 ||   162
       Boomerang         |       |     1 |    43 |    48 |    25 ||   117
Invok: Berserk           |     2 |     3 |     8 |    21 |    10 ||    44
       Trog's Hand       |       |     1 |       |       |       ||     1
       Brothers in Arms  |       |       |       |       |     4 ||     4
  Use: Scroll            |     3 |    10 |    11 |     7 |     1 ||    32
       Potion            |     2 |       |     2 |     1 |     1 ||     6
Armor: Animal skin       |     6 |       |       |       |       ||     6
       Chain mail        |     7 |    11 |    43 |    90 |    80 ||   231
       Plate armour      |       |       |       |       |   338 ||   338
Dodge: Dodged            |    30 |    30 |   116 |   168 |   748 ||  1092
Block: Buckler           |       |       |       |   105 |   511 ||   616

Table legend:
 A = Non-vault XP
 B = Vault XP
 C = Vault XP percentage of total XP
 D = Non-vault monster count
 E = Vault monster count
 F = Vault count percentage of total count
                 A         B        C        D         E       F
            +---------+---------+-------+---------+---------+-------
      Total |   52710 |   22329 |  29.8 |     355 |     102 |  22.3
            +---------+---------+-------+---------+---------+-------
        D:1 |      19 |       0 |   0.0 |      12 |       0 |   0.0
        D:2 |      71 |      96 |  57.5 |      27 |       8 |  22.9
        D:3 |      78 |     335 |  81.1 |      13 |      10 |  43.5
        D:4 |     384 |     185 |  32.5 |      20 |       1 |   4.8
        D:5 |    1135 |      15 |   1.3 |      24 |       3 |  11.1
        D:6 |    1021 |       0 |   0.0 |      24 |       0 |   0.0
        D:7 |     818 |       0 |   0.0 |      14 |       0 |   0.0
        D:8 |    1842 |     636 |  25.7 |      36 |      10 |  21.7
        D:9 |    1358 |     811 |  37.4 |      21 |      22 |  51.2
     Lair:1 |    6344 |    2553 |  28.7 |      22 |       5 |  18.5
     Lair:2 |    5174 |    2381 |  31.5 |      18 |       8 |  30.8
     Lair:3 |    3553 |     480 |  11.9 |      17 |       3 |  15.0
     Lair:4 |   13120 |     731 |   5.3 |      44 |       2 |   4.3
     Lair:5 |   17793 |   14106 |  44.2 |      63 |      30 |  32.3
            +---------+---------+-------+---------+---------+-------
